 Dungeon Crawl Stone Soup version 0.19.0-18-g426998a (webtiles) character file.

17845680 Chiseanne the Infernalist (level 27, 228/228 HPs)
             Began as a Demonspawn Wizard on Nov 10, 2016.
             Was the Champion of Vehumet.
             Escaped with the Orb
             ... and 15 runes on Nov 11, 2016!
             The game lasted 10:05:13 (87239 turns).

Chiseanne the Infernalist (Demonspawn Wizard)      Turns: 87239, Time: 10:05:13

Health: 228/228    AC: 15    Str: 15    XL:     27
Magic:  51/51      EV: 27    Int: 47    God:    Vehumet [******]
Gold:   2556       SH: 29    Dex: 11    Spells: 12 memorised, 0 levels left

rFire  + + .     SeeInvis +     s - staff of energy
rCold  + + +     Gourm    .     l - +2 robe "Fymut" {rPois rCorr}
rNeg   + + .     Faith    .     G - +4 large shield {AC+3}
rPois  +         Spirit   .     (helmet unavailable)
rElec  +         Reflect  .     z - +1 cloak of Starlight {rElec rC+ EV+4 Stlth--}
rCorr  +         Harm     +     B - +0 pair of gloves of Free Expression {rF++ Regen+ Str+4 Stlth-}
MR     ++...                    S - +2 pair of boots {run}
Stlth  ..........               x - amulet of Jahuttax {Harm *Drain Int+9 Dex-4}
                                D - ring "Diususah" {*Slow rPois rC+ AC-2 Int+7}
                                Y - ring "Tigatt" {*Corrode rPois rN++ Int+3 SInv}

@: very slightly contaminated, studying Staves, quick
A: horns 3, rugged brown scales 3, agile 1, cold resistance 1, powered by death
3, regeneration 1, spiny 3, augmentation 3
a: Renounce Religion
0: Orb of Zot
}: 15/15 runes: barnacled, slimy, silver, golden, iron, obsidian, icy, bone,
abyssal, demonic, glowing, magical, fiery, dark, gossamer


You escaped.
You worshipped Vehumet.
Vehumet was exalted by your worship.
You were not hungry.

You visited 17 branches of the dungeon, and saw 87 of its levels.
You visited Pandemonium 2 times, and saw 36 of its levels.
You visited the Abyss 2 times.
You visited 1 bazaar.
You visited 1 ziggurat, and saw 22 of its levels.
You also visited: Trove and Ossuary.

You collected 7900 gold pieces.
You spent 5344 gold pieces at shops.

Inventory:

Hand Weapons
 k - the +4 staff of Dispater
   (You took it off Dispater on level 7 of the Iron City of Dis)
 n - the +7 sceptre of Asmodeus
   (You took it off Asmodeus on level 7 of Gehenna)
Armour
 l - the +2 robe "Fymut" (worn) {rPois rCorr}
   (You found it on level 13 of a ziggurat)

   It protects you from poison.
   It protects you from acid and corrosion.
 z - the +1 cloak of Starlight (worn) {rElec rC+ EV+4 Stlth--}
   (You found it on level 14 of a ziggurat)

   It affects your evasion (+4).
   It protects you from cold.
   It insulates you from electricity.
   It makes you much less stealthy.
 B - the +0 pair of gloves of Free Expression (worn) {rF++ Regen+ Str+4 Stlth-}
   (You found it on level 5 of the Dungeon)

   It affects your strength (+4).
   It greatly protects you from fire.
   It increases your rate of regeneration.
   It makes you less stealthy.
 G - a +4 large shield of protection (worn)
 S - a +2 pair of boots of running (worn)
Magical Staves
 a - an uncursed staff of power
 s - an uncursed staff of energy (weapon)
Rods
 L - a +0 rod of shadows (14/14)
   (You found it in Pandemonium)
 T - a +5 rod of clouds (10/10)
   (You found it on level 7 of Cocytus)
Jewellery
 j - the ring "Feklefen" {+Fly Dex+4 SInv}
   (You found it in a treasure trove)

   [ring of see invisible]

   It affects your dexterity (+4).
   It lets you see invisible.
   It lets you fly.
 x - the amulet of Jahuttax (around neck) {Harm *Drain Int+9 Dex-4}
   (You found it on level 6 of a ziggurat)

   [amulet of harm]

   It increases damage dealt and taken.
   It affects your intelligence (+9).
   It affects your dexterity (-4).
   It causes draining when unequipped.
 D - the ring "Diususah" (right hand) {*Slow rPois rC+ AC-2 Int+7}
   (You found it on level 8 of a ziggurat)

   [ring of protection]

   It affects your AC (-2).
   It affects your intelligence (+7).
   It protects you from cold.
   It protects you from poison.
   It may slow you when you take damage.
 Y - the ring "Tigatt" (left hand) {*Corrode rPois rN++ Int+3 SInv}
   (You found it on level 9 of a ziggurat)

   [ring of poison resistance]

   It affects your intelligence (+3).
   It protects you from poison.
   It greatly protects you from negative energy.
   It lets you see invisible.
   It may corrode you when you take damage.
Wands
 d - a wand of disintegration (13/24)
 m - a wand of heal wounds (6/9)
 t - a wand of teleportation (7/9)
 v - a wand of paralysis (8/24)
 J - a wand of digging (0/24)
 N - a wand of digging (11/24)
 O - a wand of heal wounds (4/9)
 W - a wand of disintegration (15/24)
Scrolls
 b - 5 scrolls of recharging
 e - 12 scrolls of fog
 f - 2 scrolls of teleportation
 q - 8 scrolls of identify
 I - 29 scrolls of remove curse
 M - 9 scrolls of fear
 Q - 10 scrolls of immolation
Potions
 h - 3 potions of ambrosia
 i - 9 potions of brilliance
 r - 9 potions of cure mutation
 A - 19 potions of curing
 C - 7 potions of flight
 E - 4 potions of haste
 P - 6 potions of resistance
 V - 7 potions of heal wounds
Books
 u - a manual of Staves
Miscellaneous
 c - a fan of gales
 g - a sack of spiders
 o - 2 boxes of beasts
 y - the horn of Geryon
 H - a lamp of fire
 K - 6 phantom mirrors
 R - a disc of storms
 U - a figurine of a ziggurat
Comestibles
 p - 16 bread rations
 w - 21 meat rations


   Skills:
 * Level 17.0 Fighting
 - Level 5.3 Armour
 * Level 20.5 Dodging
 - Level 1.7 Stealth
 O Level 27 Shields
 - Level 24.0 Spellcasting
 - Level 22.1 Conjurations
 - Level 14.2 Charms
 - Level 13.6 Summonings
 - Level 18.1 Translocations
 O Level 27 Fire Magic
 - Level 15.6 Ice Magic
 - Level 11.2 Earth Magic
 - Level 21.9 Evocations


You couldn't memorise any spells.
You knew the following spells:

 Your Spells              Type           Power        Failure   Level  Hunger
a - Fire Storm            Conj/Fire      #########.   1%          9    None
b - Glaciate              Conj/Ice       #########.   3%          9    None
c - Controlled Blink      Tloc           N/A          1%          8    None
d - Orb of Destruction    Conj           #########.   1%          7    None
e - Lehudib's Crystal Sp  Conj/Erth      #########.   1%          8    None
f - Spellforged Servitor  Conj/Summ      #########.   1%          7    None
g - Ring of Flames        Chrm/Fire      #########.   1%          7    None
h - Apportation           Tloc           #########.   0%          1    None
i - Deflect Missiles      Chrm/Air       ########..   1%          6    None
j - Ozocubu's Armour      Chrm/Ice       ########     0%          3    None
k - Statue Form           Tmut/Erth      ########.    4%          6    None
l - Regeneration          Chrm/Necr      ########..   1%          3    None


Dungeon Overview and Level Annotations

Branches:
Dungeon (15/15)            Temple (1/1) D:6            Lair (6/6) D:10
 Shoals (4/4) Lair:4       Spider (4/4) Lair:2        Slime (5/5) Lair:5
    Orc (2/2) D:12            Elf (0/3) Orc:2        Vaults (5/5) D:13
  Crypt (3/3) Vaults:2       Tomb (3/3) Crypt:3      Depths (5/5) D:15
   Hell (1/1)                 Dis (7/7) Hell            Geh (7/7) Hell
    Coc (7/7) Hell            Tar (7/7) Hell            Zot (5/5) Depths:5

Altars:
Ashenzari
Cheibriados
Elyvilon
Fedhas
Kikubaaqudgha
Makhleb
Nemelex Xobeh
Okawaru
Qazlal
Ru
Sif Muna
Trog
Uskayaw
Vehumet
Xom
Yredelemnul
Zin
The Shining One
Jiyva

Shops:
D:5 :   D:6 }   D:11 !   D:13 *   D:15 [   Orc:2 ([*=   Vaults:1 (   Vaults:2 :
Vaults:4 (   Depths:1 *   Depths:4 =*([

Portals:
Hell: Depths:1 Depths:2 Depths:3 Depths:4 Depths:5
Abyss: Depths:4
Pandemonium: Depths:1 Depths:3

Annotations:
D:10 exclusion: fire dragon
Shoals:3 exclusion: downstairs
Coc:7 Antaeus


Innate Abilities, Weirdness & Mutations

You have a pair of large horns on your head.
You are completely covered in rugged brown scales. (AC +3, +7% HP)
You regenerate a lot of health from kills.
You are completely covered in sharp spines.
Your magical and physical power is greatly enhanced at high health.
You are agile. (Dex +2)
Your flesh is cold resistant. (rC+)
Your natural rate of healing is unusually fast.


Message History

Press: ? - help, Shift-Dir - straight line, f - sixfirhy
Aim: a sixfirhy You conjure a mighty blast of ice!
The great icy blast engulfs the sixfirhy.
The sixfirhy is frozen into a solid block of ice!
You kill the sixfirhy!
Vehumet accepts your kill.
You feel your power returning.
Evoke which item? (* to show all) (? for menu, Esc to quit)
Zapping:
N - a wand of digging (13/24)
Press: ? - help, Shift-Dir - straight line The rock shatters into small pieces.
This wand has 12 charges left.
You enter the shallow water.
Moving in this stuff is going to be slow.
Evoke which item? (* to show all) (? for menu, Esc to quit)
Zapping:
N - a wand of digging (12/24)
Press: ? - help, Shift-Dir - straight line The rock shatters into small pieces.
This wand has 11 charges left.
There is a staircase leading out of the dungeon here.
You have escaped!

.# #'# .### ####.####
...# #.'...'.# ##.#
####.#### ...#
#.'...'.# .###
####.#### ..#
#.'...'.# ..#
######.#### ..#
#...'.@.'.# #.#
#.####.#### #.#
#.#.'...'.# ..#
#.####.#### ###
#.#.'...'.#
########.####..###
####........#.'...'.#
..##.#####.#####..###
#..)....##.## #'.#


There were no monsters in sight!

Vanquished Creatures
  Cerebov (Pan)
  Asmodeus (Geh:7)
  the Royal Jelly (Slime:5)
  Gloorx Vloq (Pan)
  Ereshkigal (Tar:7)
  the Serpent of Hell (Geh:7)
  Mnoleg (Pan)
  Lom Lobon (Pan)
  Dispater (Dis:7)
  An orb of fire (Zot:5)
  14 ancient liches
  30 greater mummies
  2 juggernauts
  Boris (Depths:5)
  Frederick (Crypt:3)
  Margery (Depths:5)
  4 Killer Klowns (Zot:5)
  7 caustic shrikes
  5 shard shrikes
  5 curse toes
  Geryon (Hell)
  Nikola (Shoals:4)
  9 golden dragons
  the Enchantress (Depths:5)
  Jory (Depths:2)
  2 profane servitors
  A pearl dragon (Pan)
  The ghost of zkyp the Bludgeoner, an adept FoAK of Lugonu (Vaults:3)
  5 bone dragons
  18 Tzitzimimeh
  2 doom hounds
  4 hellephants
  15 Brimstone Fiends
  19 pandemonium lords
  6 iron giants
  Rupert (D:15)
  3 electric golems
  19 Ice Fiends
  Jorgrun (Depths:2)
  7 titans
  27 Orb Guardians
  A deep elf blademaster (Zig:3)
  23 tentacled monstrosities
  7 quicksilver dragons
  21 Hell Sentinels
  15 liches
  31 acid blobs
  Murray (Hell)
  An eldritch tentacle (Dis:6)
  26 Executioners
  4 death cobs
  2 krakens (Shoals:4)
  9 storm dragons
  16 sphinxes
  17 ancient champions
  5 tentacled starspawn
  5 tengu reavers
  10 shadow dragons
  Ilsuiw (Shoals:4)
  8 revenants
  15 draconian monks
  4 deep elf sorcerers
  The ghost of Turgon the Severer, a journeyman DDWn of Makhleb (Spider:3)
  18 draconian knights
  A fire giant (shapeshifter) (Depths:5)
  21 nagarajas
  8 ghost moths
  15 frost giants
  2 daevas (Pan)
  9 azure jellies
  14 draconian scorchers
  13 fire giants
  21 vault wardens
  37 balrugs
  16 emperor scorpions
  12 iron dragons
  2 orc warlords
  11 starcursed masses
  A spectral juggernaut (Zig:10)
  9 draconian zealots
  6 angels
  Aizul (Depths:1)
  18 draconian shifters
  8 curse skulls
  3 juggernaut zombies (Hell)
  12 warmongers
  24 cacodemons
  3 caustic shrike skeletons (Depths:4)
  40 reapers
  23 very ugly things
  16 blood saints
  7 draconian callers
  5 ghouls
  An ophan (Pan)
  17 ironheart preservers
  2 deep elf demonologists
  17 draconian annihilators
  4 elemental wellsprings
  19 stone giants
  6 spriggan defenders
  24 war gargoyles
  13 vampire knights
  6 entropy weavers
  4 bennus
  15 black suns
  A juggernaut skeleton (Depths:4)
  16 black draconians
  A deep elf annihilator (Pan)
  12 green draconians
  6 corrupters
  6 apis (Pan)
  14 red draconians
  13 lorocyprocas
  13 purple draconians
  A spectral titan (Zig:10)
  11 spark wasps
  18 mottled draconians
  10 eidola
  16 ettins
  9 white draconians
  10 yellow draconians
  5 dire elephants (Abyss:4)
  4 merfolk javelineers
  18 mummy priests
  29 blizzard demons
  A crystal guardian (Vaults:4)
  15 green deaths
  5 deep elf death magi
  7 death oozes
  5 merfolk impalers (Shoals:4)
  18 jiangshi
  21 yaktaur captains
  11 fire dragons
  3 deep elf high priests (Depths:5)
  A great orb of eyes (shapeshifter) (Depths:1)
  12 great orbs of eyes
  4 quicksilver dragon zombies
  7 rakshasas
  8 hell beasts
  32 vault guards
  28 ice dragons
  9 monstrous demonspawn (Pan)
  6 naga warriors
  14 hydras
  An alligator snapping turtle (Zig:20)
  A catoblepas (Lair:2)
  3 quicksilver dragon skeletons
  7 death knights
  9 spriggan air magi
  10 centaur warriors
  4 merfolk aquamancers
  5 anacondas
  5 satyrs (Shoals:4)
  A satyr (shapeshifter) (Depths:5)
  An alligator (shapeshifter) (Vaults:5)
  A ghost crab (Zig:11)
  10 deep troll shamans
  A titan zombie (Coc:4)
  109 death scarabs
  11 hell hogs
  2 tengu warriors
  5 death yaks (Lair:6)
  12 ogre magi
  16 vampire magi
  3 spriggan berserkers
  9 shock serpents
  38 hell knights
  9 thrashing horrors
  6 iron golems (Dis:7)
  An orc high priest (Orc:2)
  10 deep troll earth magi
  60 sun demons
  A hellephant zombie (Crypt:2)
  4 naga sharpshooters
  A storm dragon zombie (Geh:1)
  6 wretched stars
  56 soul eaters
  2 storm dragon skeletons
  12 iron trolls
  A titan skeleton (Abyss:1)
  24 shadow wraiths
  59 large abominations
  4 deep elf knights
  2 salamander mystics (Zig:20)
  94 skeletal warriors
  7 unseen horrors
  A death drake (shapeshifter) (Depths:5)
  29 deep trolls
  28 shadow demons
  4 sea snakes
  6 anaconda zombies
  15 gelid demonspawn (Pan)
  A sea snake (shapeshifter) (D:14)
  3 spriggan druids
  16 torturous demonspawn (Pan)
  2 shambling mangroves (Zig:11)
  32 sixfirhies
  2 ghost moth zombies
  7 spatial maelstroms
  9 infernal demonspawn
  5 swamp dragons
  4 golden dragon zombies
  3 naga ritualists
  18 ironbrand convokers
  A spark wasp zombie (Hell)
  A shadow dragon zombie (Hell)
  12 harpies
  6 deep elf archers
  A lindwurm (Lair:6)
  2 tengu zombies
  16 orc knights
  22 phantasmal warriors
  10 wizards
  13 deep elf magi
  10 glowing orange brains
  16 flayed ghosts
  21 necromancers
  A sphinx zombie (Hell)
  14 hill giants
  5 oklob plants (Zig:9)
  23 orb spiders
  7 golden dragon skeletons
  A faun (shapeshifter) (Vaults:3)
  8 shadow dragon skeletons
  4 anaconda skeletons
  4 mana vipers
  24 ugly things
  4 cyclopes
  2 stone giant zombies
  3 tengu skeletons
  4 iron dragon skeletons
  23 wolf spiders
  3 orc sorcerers
  2 iron dragon zombies
  22 moths of wrath
  5 manticores
  4 shining eyes
  3 sphinx skeletons (Depths:4)
  A wolf spider (shapeshifter) (Vaults:5)
  8 frost giant zombies
  12 fire giant zombies
  11 fauns (Shoals:4)
  A worldbinder (Zig:13)
  A black mamba (shapeshifter) (Depths:2)
  3 salamanders
  10 frost giant skeletons
  Maurice (D:11)
  3 ice statues
  2 spriggan zombies
  8 stone giant skeletons
  3 water nymphs (Shoals:4)
  An elephant (shapeshifter) (Depths:5)
  15 guardian serpents
  38 rust devils
  5 elephants
  4 fire giant skeletons
  4 apocalypse crabs
  14 naga magi
  4 centaur skeletons
  A storm dragon simulacrum (Hell)
  26 black mambas
  10 molten gargoyles
  7 sirens
  45 smoke demons
  9 spiny frogs
  An emperor scorpion zombie (Tar:7)
  A gargoyle (D:12)
  8 vault sentinels
  26 orange demons
  2 dire elephant skeletons
  2 dire elephant zombies
  3 torpor snails
  2 shock serpent skeletons
  2 rime drakes
  3 eyes of devastation
  A swamp worm zombie (Crypt:2)
  A yaktaur zombie (Hell)
  43 hellions
  A rime drake (shapeshifter) (Abyss:1)
  An iron troll zombie (Crypt:1)
  46 yaktaurs
  20 demonic crawlers
  2 spriggan skeletons (Depths:4)
  3 catoblepas zombies
  33 tormentors
  4 efreet
  37 freezing wraiths
  A redback zombie (D:14)
  41 ice devils
  40 red devils
  7 komodo dragons
  A queen ant zombie (Crypt:2)
  A jumping spider (shapeshifter) (Vaults:1)
  10 ancient zymes
  43 guardian mummies
  4 harpy zombies
  A human skeleton (Vaults:3)
  2 golden dragon simulacra
  8 trolls
  6 tengu conjurers
  A black draconian skeleton (Crypt:3)
  30 jumping spiders
  15 hellwings
  3 polar bears
  22 two-headed ogres
  2 queen bees (shapeshifter)
  5 wind drakes
  A meliai (shapeshifter) (D:15)
  15 merfolk
  A wind drake (shapeshifter) (Vaults:2)
  13 hydra zombies
  16 hornets
  60 slime creatures
  2 tyrant leeches
  3 hornets (shapeshifter)
  3 silent spectres
  3 harpy skeletons
  10 blink frogs
  4 alligator zombies
  5 ettin zombies
  5 bog bodies
  9 raiju
  A blink frog (shapeshifter) (Vaults:1)
  14 hippogriffs
  A meliai zombie (D:15)
  A death drake skeleton (Crypt:2)
  A deep troll zombie (Hell)
  A hydra skeleton (Dis:7)
  5 ice dragon zombies
  4 dream sheep (Lair:4)
  3 ice dragon skeletons
  6 fire dragon zombies
  15 shadows
  7 snapping turtles
  81 redbacks
  21 wraiths
  2 alligator skeletons
  A satyr skeleton (Crypt:3)
  82 flying skulls
  44 tarantellas
  21 ushabtiu
  6 spriggans
  6 air elementals
  16 wyverns
  24 water elementals
  29 ynoxinuls
  2 fire dragon skeletons (Geh:7)
  21 humans (D:13)
  6 basilisks
  A basilisk (shapeshifter) (D:13)
  30 chaos spawn
  23 neqoxecs
  16 yaks
  15 fire elementals
  A golden eye (shapeshifter) (Depths:5)
  7 golden eyes
  A faun zombie (Crypt:2)
  A vampire mosquito (D:15)
  A steam dragon (shapeshifter) (D:15)
  A hungry ghost (D:13)
  3 black mamba skeletons
  A steam dragon (Lair:6)
  Edmund (D:4)
  3 mottled dragons
  A warg (Orc:1)
  2 soldier ants
  4 nagas
  A swamp worm (shapeshifter) (Depths:4)
  10 spatial vortices
  3 insubstantial wisps
  A gelid demonspawn zombie (Coc:7)
  51 hell hounds
  A water nymph zombie (Crypt:3)
  9 water moccasins
  3 porcupines
  6 spiny frog zombies
  2 floating eyes
  A black bear (shapeshifter) (Zig:13)
  2 merfolk skeletons
  3 spiny frog skeletons
  4 eyes of draining
  44 orc warriors
  5 sky beasts
  An elephant zombie (Crypt:1)
  An ice dragon simulacrum (Crypt:1)
  A manticore zombie (Geh:7)
  3 snapping turtle zombies
  A spriggan simulacrum (Depths:1)
  3 black bears
  A black mamba simulacrum (Hell)
  9 ice beasts
  2 hornet zombies
  4 phantoms
  18 necrophages
  57 ogres
  12 wolves
  A blink frog skeleton (Crypt:3)
  6 boggarts
  39 centaurs
  16 crocodiles
  2 snapping turtle skeletons
  A swamp dragon skeleton (Geh:1)
  A manticore skeleton (Coc:7)
  2 big kobolds
  A draconian zombie (Crypt:3)
  2 human zombies
  13 bullfrogs
  A komodo dragon skeleton (Crypt:2)
  A human simulacrum (Vaults:2)
  2 gnoll sergeants
  An earth elemental (Zig:3)
  3 elf skeletons
  6 small abominations
  16 scorpions
  A troll zombie (Crypt:2)
  5 killer bees (D:7)
  An electric eel (Spider:4)
  A yak skeleton (Crypt:1)
  49 wights
  7 howler monkeys
  6 centaur zombies
  18 crimson imps
  3 bullfrog zombies
  5 lava snakes (Lair:6)
  3 quasits
  Crazy Yiuf (D:3)
  4 jellies
  5 bullfrog skeletons
  8 orc priests
  12 hounds
  22 orc wizards
  27 iron imps
  A demonspawn skeleton (Crypt:3)
  A two-headed ogre skeleton (Crypt:2)
  Terence (D:2)
  3 iguanas
  A worker ant (shapeshifter) (Vaults:1)
  14 worker ants
  A lightning spire (Zig:14)
  An ogre zombie (Crypt:1)
  3 big kobold zombies (Ossuary)
  A naga skeleton (Coc:7)
  A big kobold skeleton (Crypt:1)
  A hound zombie (D:8)
  A hound skeleton (D:8)
  49 mummies
  Robin (D:2)
  A hell rat zombie (Crypt:1)
  A howler monkey zombie (D:5)
  2 worker ant zombies
  An adder (shapeshifter) (Vaults:5)
  11 gnolls
  3 scorpion zombies (Ossuary)
  17 adders
  11 shadow imps
  15 white imps
  An ufetubus (Depths:1)
  An ooze (D:2)
  2 adder skeletons
  6 worms
  2 dart slugs (D:2)
  3 leopard geckos
  101 orcs
  3 ball pythons
  14 giant cockroaches
  A gnoll zombie (Ossuary)
  15 goblins
  14 hobgoblins
  6 jackals
  20 kobolds
  A ball python (shapeshifter) (Vaults:3)
  6 bats
  5 frilled lizards
  3 goblin zombies (Ossuary)
  A hobgoblin skeleton (Crypt:1)
  3 hobgoblin zombies (Ossuary)
  A kobold skeleton (Dis:3)
  2 kobold zombies
  A leopard gecko zombie (D:6)
  An orc skeleton (Crypt:1)
  An orc zombie (Ossuary)
  3 quokka skeletons
  12 rats
  40 blocks of ice
  2 bushes
  128 fire vortices
  9 fungi
  33 plants
  6 tentacles (Shoals:4)
5031 creatures vanquished.

Vanquished Creatures (collateral kills)
  Ignacio (Pan)
  A juggernaut (Depths:3)
  A greater mummy (Tomb:3)
  2 Brimstone Fiends (Pan)
  A tentacled monstrosity (Zig:20)
  A Hell Sentinel (Pan)
  A lich (Depths:4)
  An acid blob (Zig:12)
  3 Executioners (Pan)
  A storm dragon (Vaults:5)
  2 draconian monks
  3 balrugs (Pan)
  A black sun (Pan)
  2 cacodemons (Pan)
  3 reapers
  A blood saint (Pan)
  A draconian annihilator (Pan)
  A dire elephant (Abyss:4)
  A black draconian (Zig:22)
  2 blizzard demons (Pan)
  A jiangshi (Crypt:1)
  7 green deaths (Pan)
  A death ooze (Slime:5)
  3 death scarabs (Tomb:3)
  A naga sharpshooter (Zig:14)
  9 sun demons
  3 soul eaters
  An iron troll (Dis:7)
  8 sixfirhies (Pan)
  2 torturous demonspawn (Pan)
  A naga ritualist (Zig:18)
  2 golden dragon skeletons
  An iron dragon zombie (Crypt:1)
  A fire giant zombie (Hell)
  2 necromancers
  A worldbinder (Abyss:1)
  A frost giant zombie (Depths:2)
  An iron dragon skeleton (Crypt:1)
  A dire elephant zombie (Geh:7)
  A fire giant skeleton (Pan)
  5 smoke demons (Pan)
  A molten gargoyle (Geh:7)
  A hellion (Pan)
  5 demonic crawlers (Pan)
  5 orange demons
  A shock serpent skeleton (Pan)
  An ice devil (Coc:7)
  2 hellwings (Pan)
  4 red devils
  A hydra zombie (Coc:2)
  9 large abominations
  A hornet (Zig:11)
  3 slime creatures
  A hydra skeleton (Coc:5)
  A harpy skeleton (Geh:7)
  A flying skull (Depths:4)
  An ettin skeleton (Tomb:2)
  A shadow (Crypt:1)
  2 fire bats (Pan)
  7 ynoxinuls (Pan)
  2 wraiths
  A water elemental (Coc:7)
  2 fire elementals (Geh:7)
  2 golden eyes (Slime:1)
  5 neqoxecs (Pan)
  7 chaos spawn (Pan)
  A spiny frog zombie (Coc:1)
  A floating eye (Depths:2)
  A hell hound (Geh:7)
  An ogre (Vaults:5)
  A manticore skeleton (Pan)
  A small abomination (Abyss:1)
  A spiny frog simulacrum (Hell)
  3 wights
  A crocodile skeleton (Crypt:3)
  4 mummies
  6 white imps (Coc:7)
  An ufetubus (Abyss:1)
  A block of ice (Depths:4)
  3 fire vortices (Pan)
176 creatures vanquished.

Vanquished Creatures (others)
  A warmonger (Pan)
  2 bennus (Tomb:2)
  A quicksilver dragon zombie (Tomb:2)
  17 death scarabs
  A sixfirhy (Pan)
  A skeletal warrior (Tomb:2)
  A rust devil (Pan)
  A black mamba (Zig:18)
  A hellwing (Pan)
  2 flying skulls (Tomb:1)
  A wraith (Geh:7)
  A wyvern skeleton (D:9)
  A tengu skeleton (Geh:7)
  3 mummies
  A shadow imp (Zot:5)
  An orc (D:6)
  A jackal (D:6)
  An orc zombie (Ossuary)
  148 blocks of ice
  3 bushes (Lair:6)
  2 demonic plants (Pan)
  1666 fire vortices
  24 fungi
  63 plants
  10 starspawn tentacles
  13 tentacles
1967 creatures vanquished.

Grand Total: 7174 creatures vanquished

Notes
Turn   | Place    | Note
-------+----------+-------------------------------------------
     0 | D:1      | Chiseanne the Demonspawn Wizard began the quest for the Orb.
     0 | D:1      | Reached XP level 1. HP: 13/13 MP: 4/4
   429 | D:1      | Gained mutation: You regenerate a little health from kills. [demonic ancestry]
   429 | D:1      | Reached XP level 2. HP: 10/19 MP: 1/6
  1636 | D:1      | Gained mutation: You are partially covered in sharp spines. [demonic ancestry]
  1636 | D:1      | Reached XP level 3. HP: 24/24 MP: 5/7
  1893 | D:2      | Noticed Terence
  1912 | D:1      | Learned a level 3 spell: Mephitic Cloud
  1916 | D:1      | Learned a level 3 spell: Conjure Flame
  2605 | D:2      | Gained mutation: You have a pair of small horns on your head. [demonic ancestry]
  2605 | D:2      | Reached XP level 4. HP: 30/30 MP: 4/9
  2780 | D:2      | Killed Terence
  2783 | D:2      | Noticed Robin
  3548 | D:2      | Killed Robin
  3548 | D:2      | Gained mutation: You have a pair of horns on your head. [demonic ancestry]
  3548 | D:2      | Reached XP level 5. HP: 15/35 MP: 3/11
  3899 | D:3      | Found a burning altar of Makhleb.
  4072 | D:3      | Learned a level 2 spell: Blink
  4728 | D:3      | Found a runed door.
  5187 | D:3      | Noticed Crazy Yiuf
  5213 | D:3      | Killed Crazy Yiuf
  5539 | D:4      | Noticed Edmund
  5555 | D:4      | Killed Edmund
  5555 | D:4      | Reached skill level 5 in Spellcasting
  5555 | D:4      | Reached XP level 6. HP: 35/41 MP: 7/13
  5671 | D:4      | Noticed an orc warrior
  5675 | D:4      | Killed an orc warrior
  5675 | D:4      | Reached skill level 5 in Conjurations
  5684 | D:4      | Reached XP level 7. HP: 46/46 MP: 6/15
  5766 | D:4      | Found a shattered altar of Ashenzari.
  6349 | D:5      | Entered Level 5 of the Dungeon
  7095 | D:5      | Found Wociseme's Book Boutique.
  7241 | D:5      | Got a pair of crude gloves
  7242 | D:5      | Identified the +0 pair of gloves of Free Expression {rF++ Regen+ Str+4 Stlth-} (You found it on level 5 of the Dungeon)
  7289 | D:5      | Gained mutation: You are partially covered in rugged brown scales. (AC +1, +3% HP) [demonic ancestry]
  7289 | D:5      | Reached XP level 8. HP: 46/53 MP: 11/17
  7583 | D:5      | Found a faded altar of an unknown god.
  7583 | D:5      | Found a faded altar of an unknown god.
  7608 | D:5      | Found a faded altar of an unknown god.
  7610 | D:5      | Found a blossoming altar of Fedhas.
  7612 | D:5      | Found a faded altar of an unknown god.
  8550 | D:6      | Found a staircase to the Ecumenical Temple.
  8560 | D:6      | Found a stormy altar of Qazlal.
  8564 | Temple   | Entered the Ecumenical Temple
  8619 | Temple   | Became a worshipper of Vehumet
  8791 | D:6      | Found Fisyulin's Gadget Shoppe.
  9318 | D:6      | Gained mutation: You are mostly covered in sharp spines. [demonic ancestry]
  9318 | D:6      | Reached XP level 9. HP: 58/58 MP: 14/20
  9966 | D:7      | Found a sand-covered staircase.
  9974 | Ossuary  | Entered an ossuary
 10138 | Ossuary  | Reached skill level 5 in Dodging
 10339 | Ossuary  | Reached * piety under Vehumet
 10339 | Ossuary  | Offered knowledge of Freeze by Vehumet.
 11146 | D:7      | Found a shimmering altar of Xom.
 11777 | D:8      | Offered knowledge of Sandblast by Vehumet.
 11875 | D:8      | Reached ** piety under Vehumet
 11981 | D:8      | Reached XP level 10. HP: 64/64 MP: 17/22
 12523 | D:8      | Found a bloodstained altar of Trog.
 12532 | D:8      | Offered knowledge of Throw Frost by Vehumet.
 13158 | D:8      | Paralysed by a hornet for 3 turns
 13383 | D:8      | Learned a level 3 spell: Stone Arrow
 13672 | D:9      | Reached *** piety under Vehumet
 13903 | D:9      | Found a bloodstained altar of Trog.
 13957 | D:9      | Reached skill level 10 in Conjurations
 14046 | D:9      | Reached skill level 1 in Translocations
 14282 | D:9      | Offered knowledge of Inner Flame by Vehumet.
 14483 | D:9      | Noticed a centaur warrior
 15103 | D:9      | Killed a centaur warrior
 15103 | D:9      | Reached skill level 10 in Spellcasting
 15103 | D:9      | Gained mutation: You have a pair of large horns on your head. [demonic ancestry]
 15103 | D:9      | Reached XP level 11. HP: 65/70 MP: 14/25
 15195 | D:10     | Entered Level 10 of the Dungeon
 15556 | D:10     | Reached skill level 1 in Shields
 15559 | D:10     | Noticed a hill giant
 15563 | D:10     | Killed a hill giant
 15832 | D:10     | Noticed a hill giant
 15845 | D:10     | Killed a hill giant
 15946 | D:10     | Reached **** piety under Vehumet
 16118 | D:10     | Found a staircase to the Lair.
 16439 | D:10     | Noticed a fire dragon
 16535 | D:11     | Reached skill level 1 in Fire Magic
 16916 | D:11     | Offered knowledge of Fireball by Vehumet.
 16942 | D:11     | Learned a level 5 spell: Fireball
 17002 | D:11     | Noticed Maurice
 17056 | D:11     | Killed Maurice
 17182 | D:11     | Noticed a hill giant
 17186 | D:11     | Killed a hill giant
 17675 | D:11     | Found Huwnovvi's Distillery.
 17693 | D:11     | Bought a potion of cancellation for 120 gold pieces
 17693 | D:11     | Bought a potion of haste for 150 gold pieces
 18186 | D:11     | Noticed a green ugly thing
 18305 | D:12     | Noticed a brown ugly thing
 18309 | D:12     | Killed a brown ugly thing
 18309 | D:12     | Gained mutation: You regenerate health from kills. [demonic ancestry]
 18309 | D:12     | Reached XP level 12. HP: 76/76 MP: 10/26
 18988 | D:12     | Reached skill level 5 in Fire Magic
 19566 | D:12     | Reached skill level 10 in Dodging
 19831 | D:12     | Reached ***** piety under Vehumet
 19910 | D:12     | Found a staircase to the Orcish Mines.
 19914 | Orc:1    | Entered Level 1 of the Orcish Mines
 19920 | Orc:1    | Offered knowledge of Poisonous Cloud by Vehumet.
 20716 | Orc:2    | Entered Level 2 of the Orcish Mines
 21126 | Orc:2    | Found Derobog's Antique Armour Emporium.
 21134 | Orc:2    | Bought an embroidered cloak for 220 gold pieces
 21201 | Orc:2    | Found Gotiacekk's General Store.
 21541 | Orc:2    | Reached XP level 13. HP: 81/81 MP: 6/29
 21757 | Orc:2    | Found Wemenk's Jewellery Emporium.
 21759 | Orc:2    | Found a staircase to the Elven Halls.
 22118 | Orc:2    | Noticed an orc warlord
 22135 | Orc:2    | Killed an orc warlord
 22232 | Orc:2    | Noticed an ettin
 22235 | Orc:2    | Killed an ettin
 22378 | Orc:2    | Found Odicit's Antique Weapon Shoppe.
 22443 | Orc:2    | Bought the ring "Sanun" {+Blink rC+ MR+ MP+9 Str+2} for 829 gold pieces
 22502 | Orc:2    | Bought a cursed ring of teleportation for 76 gold pieces
 22672 | Lair:1   | Entered Level 1 of the Lair of Beasts
 24086 | Lair:2   | Found a hole to the Spider Nest.
 25523 | Lair:4   | Found a staircase to the Shoals.
 26005 | Lair:4   | Learned a level 6 spell: Bolt of Cold
 26795 | Lair:5   | Found a viscous altar of Jiyva.
 26795 | Lair:5   | Found a staircase to the Slime Pits.
 27502 | Lair:6   | Entered Level 6 of the Lair of Beasts
 27506 | Lair:6   | Reached skill level 5 in Shields
 27588 | Lair:6   | Learned a level 4 spell: Throw Icicle
 27707 | Lair:6   | Offered knowledge of Conjure Ball Lightning by Vehumet.
 27895 | Lair:6   | Reached XP level 14. HP: 82/87 MP: 19/31
 28183 | Lair:6   | Learned a level 7 spell: Orb of Destruction
 28960 | Lair:6   | Found a large runed door.
 28961 | Lair:6   | Found a large runed door.
 29038 | Lair:6   | Identified a scroll of acquirement
 29150 | Lair:6   | Reached skill level 10 in Shields
 30591 | D:13     | Found Avoafa's Antique Artefacts.
 30599 | D:13     | Bought a heavily runed bronze ring for 155 gold pieces
 30602 | D:13     | Identified the ring of Hard Scrabble {Ice +Blink rElec} (You bought it in a shop on level 13 of the Dungeon)
 30670 | D:13     | Offered knowledge of Yara's Violent Unravelling by Vehumet.
 31205 | D:13     | Got a smelly scale mail
 31208 | D:13     | Identified the cursed +0 scale mail of Gravitas {Regen+} (You took it off a human on level 13 of the Dungeon)
 31230 | D:13     | Found a gate to the Vaults.
 31523 | D:14     | Noticed a tengu reaver
 31530 | D:14     | Killed a tengu reaver
 31530 | D:14     | Gained mutation: You are mostly covered in rugged brown scales. (AC +2, +5% HP) [demonic ancestry]
 31530 | D:14     | Reached XP level 15. HP: 45/94 MP: 26/32
 31595 | D:14     | Reached skill level 10 in Fire Magic
 31653 | D:14     | Identified the +7 battleaxe "Wifocluu" {venom, rPois} (You took it off a tengu reaver on level 14 of the Dungeon)
 31841 | D:14     | Identified the cursed +1 leather armour of the Bulwark {rC+ Slay+2} (You found it on level 14 of the Dungeon)
 32314 | D:15     | Entered Level 15 of the Dungeon
 32680 | D:15     | Noticed Rupert
 32686 | D:15     | Killed Rupert
 33240 | D:15     | Found Mestoipsi's Antique Armour Emporium.
 33283 | D:15     | Offered knowledge of Iskenderun's Battlesphere by Vehumet.
 33287 | D:15     | Noticed a frost giant
 33295 | D:15     | Killed a frost giant
 33906 | D:15     | Found a staircase to the Depths.
 34009 | D:15     | Learned a level 4 spell: Iskenderun's Mystic Blast
 34022 | Depths:1 | Entered Level 1 of the Depths
 34164 | Depths:1 | Found a gateway to Hell.
 34495 | Shoals:1 | Entered Level 1 of the Shoals
 34770 | Shoals:4 | Entered Level 4 of the Shoals
 34770 | Shoals:4 | Noticed Nikola
 34770 | Shoals:4 | Noticed a kraken
 34949 | Shoals:4 | Reached skill level 15 in Spellcasting
 34950 | Shoals:4 | Gained mutation: You regenerate a lot of health from kills. [demonic ancestry]
 34950 | Shoals:4 | Reached XP level 16. HP: 55/100 MP: 15/35
 35269 | Shoals:4 | Noticed a kraken
 35279 | Shoals:4 | Noticed a tentacle
 35279 | Shoals:4 | Noticed a tentacle
 35279 | Shoals:4 | Noticed a tentacle
 35280 | Shoals:4 | Noticed a tentacle
 35280 | Shoals:4 | Killed a tentacle
 35280 | Shoals:4 | Killed a tentacle
 35280 | Shoals:4 | Killed a tentacle
 35280 | Shoals:4 | Killed a kraken
 35280 | Shoals:4 | Killed a tentacle segment
 35280 | Shoals:4 | Killed a tentacle
 35477 | Shoals:4 | Learned a level 5 spell: Iskenderun's Battlesphere
 35570 | Shoals:4 | Reached ****** piety under Vehumet
 35786 | Shoals:4 | Offered knowledge of Poison Arrow by Vehumet.
 35996 | Shoals:4 | Noticed Ilsuiw
 36000 | Shoals:4 | Killed Ilsuiw
 36232 | Shoals:4 | Noticed a tentacle
 36232 | Shoals:4 | Noticed a tentacle
 36232 | Shoals:4 | Noticed a tentacle
 36232 | Shoals:4 | Killed a tentacle segment
 36232 | Shoals:4 | Killed a tentacle
 36232 | Shoals:4 | Killed a tentacle segment
 36232 | Shoals:4 | Killed a tentacle segment
 36232 | Shoals:4 | Killed a tentacle segment
 36232 | Shoals:4 | Killed a tentacle segment
 36232 | Shoals:4 | Killed a tentacle segment
 36232 | Shoals:4 | Killed a tentacle segment
 36232 | Shoals:4 | Killed a tentacle segment
 36232 | Shoals:4 | Killed a tentacle segment
 36232 | Shoals:4 | Killed a tentacle segment
 36232 | Shoals:4 | Killed a tentacle segment
 36232 | Shoals:4 | Killed a tentacle segment
 36232 | Shoals:4 | Killed a tentacle segment
 36232 | Shoals:4 | Killed a tentacle segment
 36232 | Shoals:4 | Killed a tentacle segment
 36232 | Shoals:4 | Killed a tentacle segment
 36232 | Shoals:4 | Killed a tentacle segment
 36232 | Shoals:4 | Killed a tentacle segment
 36232 | Shoals:4 | Killed a tentacle segment
 36232 | Shoals:4 | Killed a tentacle segment
 36232 | Shoals:4 | Killed a tentacle segment
 36232 | Shoals:4 | Killed a tentacle segment
 36232 | Shoals:4 | Killed a tentacle segment
 36233 | Shoals:4 | Noticed a tentacle
 36233 | Shoals:4 | Killed a tentacle segment
 36233 | Shoals:4 | Killed a tentacle segment
 36233 | Shoals:4 | Killed a tentacle segment
 36233 | Shoals:4 | Killed a tentacle segment
 36233 | Shoals:4 | Killed a tentacle segment
 36233 | Shoals:4 | Killed a tentacle segment
 36233 | Shoals:4 | Killed a tentacle segment
 36233 | Shoals:4 | Killed a tentacle segment
 36233 | Shoals:4 | Killed a tentacle segment
 36233 | Shoals:4 | Killed a tentacle segment
 36233 | Shoals:4 | Killed a tentacle segment
 36233 | Shoals:4 | Killed a tentacle segment
 36233 | Shoals:4 | Killed a tentacle segment
 36233 | Shoals:4 | Killed a tentacle segment
 36233 | Shoals:4 | Killed a tentacle segment
 36233 | Shoals:4 | Killed a tentacle segment
 36233 | Shoals:4 | Killed a tentacle segment
 36233 | Shoals:4 | Killed a tentacle segment
 36233 | Shoals:4 | Killed a tentacle segment
 36233 | Shoals:4 | Killed a tentacle segment
 36233 | Shoals:4 | Killed a tentacle segment
 36233 | Shoals:4 | Killed a tentacle segment
 36233 | Shoals:4 | Killed a tentacle segment
 36233 | Shoals:4 | Killed a tentacle segment
 36233 | Shoals:4 | Killed a tentacle segment
 36233 | Shoals:4 | Killed a tentacle segment
 36233 | Shoals:4 | Killed a tentacle segment
 36233 | Shoals:4 | Killed a tentacle segment
 36233 | Shoals:4 | Killed a tentacle segment
 36233 | Shoals:4 | Killed a tentacle segment
 36233 | Shoals:4 | Killed a tentacle
 36233 | Shoals:4 | Killed a tentacle segment
 36234 | Shoals:4 | Killed a tentacle segment
 36234 | Shoals:4 | Killed a tentacle segment
 36234 | Shoals:4 | Killed a tentacle segment
 36234 | Shoals:4 | Killed a tentacle
 36234 | Shoals:4 | Killed a tentacle segment
 36234 | Shoals:4 | Killed a tentacle segment
 36234 | Shoals:4 | Killed a tentacle
 36395 | Shoals:4 | Killed Nikola
 36573 | Shoals:4 | Killed a tentacle segment
 36573 | Shoals:4 | Killed a tentacle segment
 36573 | Shoals:4 | Killed a tentacle segment
 36573 | Shoals:4 | Killed a tentacle segment
 36573 | Shoals:4 | Killed a tentacle segment
 36573 | Shoals:4 | Killed a tentacle segment
 36573 | Shoals:4 | Killed a tentacle segment
 36574 | Shoals:4 | Noticed a tentacle
 36574 | Shoals:4 | Noticed a tentacle
 36574 | Shoals:4 | Noticed a tentacle
 36574 | Shoals:4 | Noticed a tentacle
 36574 | Shoals:4 | Killed a tentacle segment
 36574 | Shoals:4 | Killed a tentacle segment
 36574 | Shoals:4 | Killed a tentacle segment
 36574 | Shoals:4 | Killed a tentacle segment
 36574 | Shoals:4 | Killed a tentacle segment
 36574 | Shoals:4 | Killed a tentacle segment
 36574 | Shoals:4 | Killed a tentacle segment
 36574 | Shoals:4 | Killed a tentacle segment
 36574 | Shoals:4 | Killed a tentacle segment
 36574 | Shoals:4 | Killed a tentacle segment
 36574 | Shoals:4 | Killed a tentacle segment
 36574 | Shoals:4 | Killed a tentacle segment
 36574 | Shoals:4 | Killed a tentacle segment
 36574 | Shoals:4 | Killed a tentacle segment
 36574 | Shoals:4 | Killed a tentacle segment
 36574 | Shoals:4 | Killed a tentacle segment
 36574 | Shoals:4 | Killed a tentacle segment
 36574 | Shoals:4 | Killed a tentacle segment
 36574 | Shoals:4 | Killed a tentacle segment
 36574 | Shoals:4 | Killed a tentacle segment
 36574 | Shoals:4 | Killed a tentacle segment
 36574 | Shoals:4 | Killed a tentacle segment
 36574 | Shoals:4 | Killed a tentacle segment
 36574 | Shoals:4 | Killed a tentacle segment
 36574 | Shoals:4 | Killed a tentacle segment
 36574 | Shoals:4 | Killed a tentacle segment
 36574 | Shoals:4 | Killed a tentacle segment
 36574 | Shoals:4 | Killed a tentacle segment
 36574 | Shoals:4 | Killed a tentacle segment
 36574 | Shoals:4 | Killed a tentacle segment
 36574 | Shoals:4 | Killed a tentacle segment
 36574 | Shoals:4 | Killed a tentacle segment
 36574 | Shoals:4 | Killed a tentacle segment
 36574 | Shoals:4 | Killed a tentacle segment
 36574 | Shoals:4 | Killed a tentacle segment
 36574 | Shoals:4 | Killed a tentacle segment
 36575 | Shoals:4 | Killed a tentacle
 36575 | Shoals:4 | Killed a tentacle segment
 36575 | Shoals:4 | Killed a tentacle segment
 36575 | Shoals:4 | Killed a tentacle segment
 36575 | Shoals:4 | Killed a tentacle segment
 36575 | Shoals:4 | Killed a tentacle segment
 36575 | Shoals:4 | Killed a tentacle segment
 36575 | Shoals:4 | Killed a tentacle segment
 36575 | Shoals:4 | Killed a tentacle segment
 36575 | Shoals:4 | Killed a tentacle segment
 36575 | Shoals:4 | Killed a tentacle segment
 36575 | Shoals:4 | Killed a tentacle segment
 36575 | Shoals:4 | Killed a tentacle segment
 36575 | Shoals:4 | Killed a tentacle segment
 36575 | Shoals:4 | Killed a tentacle segment
 36575 | Shoals:4 | Killed a tentacle segment
 36575 | Shoals:4 | Killed a tentacle segment
 36575 | Shoals:4 | Killed a tentacle segment
 36575 | Shoals:4 | Killed a tentacle segment
 36575 | Shoals:4 | Killed a tentacle segment
 36575 | Shoals:4 | Killed a tentacle segment
 36575 | Shoals:4 | Killed a tentacle segment
 36575 | Shoals:4 | Killed a tentacle segment
 36575 | Shoals:4 | Killed a tentacle segment
 36575 | Shoals:4 | Killed a tentacle segment
 36575 | Shoals:4 | Killed a tentacle segment
 36575 | Shoals:4 | Killed a tentacle segment
 36575 | Shoals:4 | Killed a tentacle segment
 36575 | Shoals:4 | Killed a tentacle segment
 36575 | Shoals:4 | Killed a tentacle segment
 36575 | Shoals:4 | Killed a tentacle segment
 36575 | Shoals:4 | Killed a tentacle segment
 36575 | Shoals:4 | Killed a tentacle segment
 36575 | Shoals:4 | Killed a tentacle segment
 36575 | Shoals:4 | Killed a tentacle segment
 36575 | Shoals:4 | Killed a tentacle segment
 36575 | Shoals:4 | Killed a tentacle segment
 36575 | Shoals:4 | Killed a tentacle segment
 36575 | Shoals:4 | Killed a tentacle segment
 36575 | Shoals:4 | Killed a tentacle segment
 36575 | Shoals:4 | Killed a tentacle segment
 36575 | Shoals:4 | Killed a tentacle segment
 36575 | Shoals:4 | Killed a tentacle segment
 36575 | Shoals:4 | Killed a tentacle segment
 36575 | Shoals:4 | Killed a tentacle segment
 36575 | Shoals:4 | Killed a tentacle segment
 36575 | Shoals:4 | Killed a tentacle segment
 36575 | Shoals:4 | Killed a tentacle segment
 36575 | Shoals:4 | Killed a tentacle segment
 36575 | Shoals:4 | Killed a tentacle segment
 36575 | Shoals:4 | Killed a tentacle segment
 36575 | Shoals:4 | Killed a tentacle segment
 36575 | Shoals:4 | Killed a tentacle segment
 36575 | Shoals:4 | Killed a tentacle segment
 36575 | Shoals:4 | Killed a tentacle segment
 36575 | Shoals:4 | Killed a tentacle segment
 36575 | Shoals:4 | Killed a tentacle segment
 36575 | Shoals:4 | Killed a tentacle segment
 36575 | Shoals:4 | Killed a tentacle segment
 36575 | Shoals:4 | Killed a tentacle segment
 36575 | Shoals:4 | Killed a tentacle segment
 36575 | Shoals:4 | Killed a tentacle segment
 36575 | Shoals:4 | Killed a tentacle segment
 36575 | Shoals:4 | Killed a tentacle segment
 36575 | Shoals:4 | Killed a tentacle segment
 36575 | Shoals:4 | Killed a tentacle segment
 36575 | Shoals:4 | Killed a tentacle segment
 36575 | Shoals:4 | Killed a tentacle segment
 36575 | Shoals:4 | Killed a tentacle segment
 36575 | Shoals:4 | Killed a tentacle segment
 36575 | Shoals:4 | Killed a tentacle segment
 36575 | Shoals:4 | Killed a tentacle segment
 36575 | Shoals:4 | Killed a tentacle segment
 36575 | Shoals:4 | Killed a tentacle segment
 36575 | Shoals:4 | Killed a tentacle segment
 36575 | Shoals:4 | Killed a tentacle segment
 36575 | Shoals:4 | Killed a tentacle segment
 36575 | Shoals:4 | Killed a tentacle segment
 36575 | Shoals:4 | Killed a tentacle segment
 36575 | Shoals:4 | Killed a tentacle segment
 36575 | Shoals:4 | Killed a tentacle segment
 36575 | Shoals:4 | Killed a tentacle segment
 36575 | Shoals:4 | Killed a tentacle segment
 36575 | Shoals:4 | Killed a tentacle segment
 36575 | Shoals:4 | Killed a tentacle segment
 36575 | Shoals:4 | Killed a tentacle segment
 36575 | Shoals:4 | Killed a tentacle segment
 36575 | Shoals:4 | Killed a tentacle segment
 36575 | Shoals:4 | Killed a tentacle segment
 36575 | Shoals:4 | Killed a tentacle segment
 36575 | Shoals:4 | Killed a tentacle segment
 36575 | Shoals:4 | Killed a tentacle segment
 36575 | Shoals:4 | Killed a tentacle segment
 36575 | Shoals:4 | Killed a tentacle segment
 36575 | Shoals:4 | Killed a tentacle segment
 36575 | Shoals:4 | Killed a tentacle segment
 36575 | Shoals:4 | Killed a tentacle segment
 36575 | Shoals:4 | Killed a tentacle segment
 36575 | Shoals:4 | Killed a tentacle segment
 36575 | Shoals:4 | Killed a tentacle segment
 36575 | Shoals:4 | Killed a tentacle segment
 36575 | Shoals:4 | Killed a tentacle segment
 36575 | Shoals:4 | Killed a tentacle segment
 36575 | Shoals:4 | Killed a tentacle segment
 36575 | Shoals:4 | Killed a tentacle segment
 36575 | Shoals:4 | Killed a tentacle segment
 36575 | Shoals:4 | Killed a tentacle segment
 36575 | Shoals:4 | Killed a tentacle segment
 36576 | Shoals:4 | Noticed a tentacle segment
 36576 | Shoals:4 | Noticed a tentacle segment
 36576 | Shoals:4 | Noticed a tentacle segment
 36576 | Shoals:4 | Killed a tentacle segment
 36576 | Shoals:4 | Killed a tentacle segment
 36576 | Shoals:4 | Killed a tentacle segment
 36576 | Shoals:4 | Killed a tentacle segment
 36576 | Shoals:4 | Killed a tentacle segment
 36576 | Shoals:4 | Killed a tentacle segment
 36576 | Shoals:4 | Killed a tentacle segment
 36576 | Shoals:4 | Killed a tentacle segment
 36576 | Shoals:4 | Killed a tentacle segment
 36576 | Shoals:4 | Killed a tentacle segment
 36576 | Shoals:4 | Killed a tentacle segment
 36576 | Shoals:4 | Killed a tentacle segment
 36576 | Shoals:4 | Killed a tentacle segment
 36576 | Shoals:4 | Killed a tentacle segment
 36576 | Shoals:4 | Killed a tentacle segment
 36576 | Shoals:4 | Killed a tentacle segment
 36576 | Shoals:4 | Killed a tentacle segment
 36576 | Shoals:4 | Killed a tentacle segment
 36576 | Shoals:4 | Killed a tentacle segment
 36576 | Shoals:4 | Killed a tentacle segment
 36576 | Shoals:4 | Killed a tentacle segment
 36576 | Shoals:4 | Killed a tentacle segment
 36576 | Shoals:4 | Killed a tentacle segment
 36576 | Shoals:4 | Killed a tentacle segment
 36576 | Shoals:4 | Killed a tentacle segment
 36576 | Shoals:4 | Killed a tentacle segment
 36576 | Shoals:4 | Killed a tentacle segment
 36576 | Shoals:4 | Killed a tentacle segment
 36576 | Shoals:4 | Killed a tentacle segment
 36576 | Shoals:4 | Killed a tentacle segment
 36576 | Shoals:4 | Killed a tentacle segment
 36576 | Shoals:4 | Killed a tentacle segment
 36576 | Shoals:4 | Killed a tentacle segment
 36576 | Shoals:4 | Killed a tentacle segment
 36576 | Shoals:4 | Killed a tentacle segment
 36576 | Shoals:4 | Killed a tentacle segment
 36576 | Shoals:4 | Killed a tentacle segment
 36576 | Shoals:4 | Killed a tentacle segment
 36576 | Shoals:4 | Killed a tentacle segment
 36576 | Shoals:4 | Killed a tentacle segment
 36576 | Shoals:4 | Killed a tentacle segment
 36576 | Shoals:4 | Killed a tentacle segment
 36576 | Shoals:4 | Killed a tentacle segment
 36576 | Shoals:4 | Killed a tentacle segment
 36576 | Shoals:4 | Killed a tentacle segment
 36576 | Shoals:4 | Killed a tentacle segment
 36576 | Shoals:4 | Killed a tentacle segment
 36576 | Shoals:4 | Killed a tentacle segment
 36576 | Shoals:4 | Killed a tentacle segment
 36576 | Shoals:4 | Killed a tentacle segment
 36576 | Shoals:4 | Killed a tentacle segment
 36576 | Shoals:4 | Killed a tentacle segment
 36576 | Shoals:4 | Killed a tentacle segment
 36576 | Shoals:4 | Killed a tentacle segment
 36576 | Shoals:4 | Killed a tentacle segment
 36576 | Shoals:4 | Killed a tentacle segment
 36576 | Shoals:4 | Killed a tentacle segment
 36576 | Shoals:4 | Killed a tentacle segment
 36576 | Shoals:4 | Killed a tentacle segment
 36576 | Shoals:4 | Killed a tentacle segment
 36576 | Shoals:4 | Killed a tentacle segment
 36576 | Shoals:4 | Killed a tentacle segment
 36576 | Shoals:4 | Killed a tentacle segment
 36576 | Shoals:4 | Killed a tentacle segment
 36576 | Shoals:4 | Killed a tentacle segment
 36576 | Shoals:4 | Killed a tentacle segment
 36576 | Shoals:4 | Killed a tentacle segment
 36576 | Shoals:4 | Killed a tentacle segment
 36576 | Shoals:4 | Killed a tentacle segment
 36576 | Shoals:4 | Killed a tentacle segment
 36576 | Shoals:4 | Killed a tentacle segment
 36577 | Shoals:4 | Noticed a tentacle segment
 36577 | Shoals:4 | Killed a tentacle
 36577 | Shoals:4 | Killed a tentacle segment
 36577 | Shoals:4 | Killed a tentacle segment
 36577 | Shoals:4 | Killed a tentacle segment
 36577 | Shoals:4 | Killed a tentacle segment
 36577 | Shoals:4 | Killed a tentacle segment
 36577 | Shoals:4 | Killed a tentacle segment
 36577 | Shoals:4 | Killed a tentacle segment
 36577 | Shoals:4 | Killed a tentacle segment
 36577 | Shoals:4 | Killed a tentacle segment
 36577 | Shoals:4 | Killed a tentacle segment
 36577 | Shoals:4 | Killed a tentacle segment
 36577 | Shoals:4 | Killed a tentacle segment
 36577 | Shoals:4 | Killed a tentacle segment
 36577 | Shoals:4 | Killed a tentacle segment
 36577 | Shoals:4 | Killed a tentacle segment
 36577 | Shoals:4 | Killed a tentacle segment
 36577 | Shoals:4 | Killed a tentacle segment
 36577 | Shoals:4 | Killed a tentacle segment
 36577 | Shoals:4 | Killed a tentacle segment
 36577 | Shoals:4 | Killed a tentacle segment
 36577 | Shoals:4 | Killed a tentacle segment
 36577 | Shoals:4 | Killed a tentacle segment
 36577 | Shoals:4 | Killed a tentacle segment
 36577 | Shoals:4 | Killed a tentacle segment
 36577 | Shoals:4 | Killed a tentacle segment
 36577 | Shoals:4 | Killed a tentacle segment
 36577 | Shoals:4 | Killed a tentacle segment
 36577 | Shoals:4 | Killed a tentacle segment
 36577 | Shoals:4 | Killed a tentacle segment
 36577 | Shoals:4 | Killed a tentacle segment
 36577 | Shoals:4 | Killed a tentacle segment
 36577 | Shoals:4 | Killed a tentacle segment
 36577 | Shoals:4 | Killed a tentacle segment
 36577 | Shoals:4 | Killed a tentacle segment
 36577 | Shoals:4 | Killed a tentacle segment
 36577 | Shoals:4 | Killed a tentacle segment
 36577 | Shoals:4 | Killed a tentacle segment
 36577 | Shoals:4 | Killed a tentacle segment
 36577 | Shoals:4 | Killed a tentacle segment
 36577 | Shoals:4 | Killed a tentacle segment
 36577 | Shoals:4 | Killed a tentacle segment
 36577 | Shoals:4 | Killed a tentacle segment
 36577 | Shoals:4 | Killed a tentacle segment
 36577 | Shoals:4 | Killed a tentacle segment
 36577 | Shoals:4 | Killed a tentacle segment
 36577 | Shoals:4 | Killed a tentacle segment
 36577 | Shoals:4 | Killed a tentacle segment
 36577 | Shoals:4 | Killed a tentacle segment
 36577 | Shoals:4 | Killed a tentacle segment
 36577 | Shoals:4 | Killed a tentacle segment
 36577 | Shoals:4 | Killed a tentacle segment
 36577 | Shoals:4 | Killed a tentacle segment
 36577 | Shoals:4 | Killed a tentacle segment
 36577 | Shoals:4 | Killed a tentacle segment
 36577 | Shoals:4 | Killed a tentacle segment
 36577 | Shoals:4 | Killed a tentacle segment
 36577 | Shoals:4 | Killed a tentacle segment
 36577 | Shoals:4 | Killed a tentacle segment
 36577 | Shoals:4 | Killed a tentacle segment
 36577 | Shoals:4 | Killed a tentacle segment
 36577 | Shoals:4 | Killed a tentacle segment
 36577 | Shoals:4 | Killed a tentacle segment
 36577 | Shoals:4 | Killed a tentacle segment
 36577 | Shoals:4 | Killed a tentacle segment
 36577 | Shoals:4 | Killed a tentacle segment
 36577 | Shoals:4 | Killed a tentacle segment
 36578 | Shoals:4 | Noticed a tentacle segment
 36578 | Shoals:4 | Killed a tentacle segment
 36578 | Shoals:4 | Killed a tentacle segment
 36578 | Shoals:4 | Killed a tentacle segment
 36578 | Shoals:4 | Killed a tentacle segment
 36578 | Shoals:4 | Killed a tentacle segment
 36578 | Shoals:4 | Killed a tentacle segment
 36578 | Shoals:4 | Killed a tentacle segment
 36578 | Shoals:4 | Killed a tentacle segment
 36578 | Shoals:4 | Killed a tentacle segment
 36578 | Shoals:4 | Killed a tentacle segment
 36578 | Shoals:4 | Killed a tentacle segment
 36578 | Shoals:4 | Killed a tentacle segment
 36578 | Shoals:4 | Killed a tentacle segment
 36578 | Shoals:4 | Killed a tentacle segment
 36578 | Shoals:4 | Killed a tentacle segment
 36578 | Shoals:4 | Killed a tentacle segment
 36578 | Shoals:4 | Killed a tentacle segment
 36578 | Shoals:4 | Killed a tentacle segment
 36578 | Shoals:4 | Killed a tentacle segment
 36578 | Shoals:4 | Killed a tentacle segment
 36578 | Shoals:4 | Killed a tentacle segment
 36578 | Shoals:4 | Killed a tentacle segment
 36578 | Shoals:4 | Killed a tentacle segment
 36578 | Shoals:4 | Killed a tentacle segment
 36578 | Shoals:4 | Killed a tentacle segment
 36578 | Shoals:4 | Killed a tentacle segment
 36578 | Shoals:4 | Killed a tentacle segment
 36578 | Shoals:4 | Killed a tentacle segment
 36578 | Shoals:4 | Killed a tentacle segment
 36578 | Shoals:4 | Killed a tentacle segment
 36578 | Shoals:4 | Killed a tentacle segment
 36578 | Shoals:4 | Killed a tentacle segment
 36578 | Shoals:4 | Killed a tentacle segment
 36578 | Shoals:4 | Killed a tentacle segment
 36578 | Shoals:4 | Killed a tentacle segment
 36578 | Shoals:4 | Killed a tentacle segment
 36579 | Shoals:4 | Killed a kraken
 36579 | Shoals:4 | Killed a tentacle segment
 36579 | Shoals:4 | Killed a tentacle segment
 36579 | Shoals:4 | Killed a tentacle
 36579 | Shoals:4 | Killed a tentacle segment
 36579 | Shoals:4 | Killed a tentacle segment
 36579 | Shoals:4 | Killed a tentacle segment
 36579 | Shoals:4 | Killed a tentacle segment
 36579 | Shoals:4 | Killed a tentacle segment
 36579 | Shoals:4 | Killed a tentacle segment
 36579 | Shoals:4 | Killed a tentacle
 36602 | Shoals:4 | Got a barnacled rune of Zot
 36848 | Orc:2    | Bought the ring of Cits {MR- Str+4 Int+3 SInv} for 552 gold pieces
 37020 | Spider:1 | Entered Level 1 of the Spider Nest
 37565 | Spider:1 | Offered knowledge of Delayed Fireball by Vehumet.
 38412 | Spider:2 | Reached XP level 17. HP: 106/106 MP: 36/36
 39145 | Spider:3 | Offered knowledge of Bolt of Fire by Vehumet.
 39155 | Spider:2 | Learned a level 6 spell: Bolt of Fire
 39435 | Spider:3 | Noticed Turgon's ghost (journeyman DDWn)
 39651 | Spider:3 | Killed Turgon's ghost
 39805 | Spider:4 | Entered Level 4 of the Spider Nest
 40611 | Spider:4 | Offered knowledge of Lehudib's Crystal Spear by Vehumet.
 40611 | Spider:4 | Offered knowledge of Fire Storm by Vehumet.
 40611 | Spider:4 | Offered knowledge of Chain Lightning by Vehumet.
 42117 | Spider:4 | Got a gossamer rune of Zot
 42494 | Vaults:1 | Entered Level 1 of the Vaults
 42550 | Vaults:1 | Found a glowing silver altar of Zin.
 42551 | Vaults:1 | Found a ruined gateway.
 42551 | Vaults:1 | Found a glowing golden altar of the Shining One.
 42684 | Vaults:1 | Found a white marble altar of Elyvilon.
 42806 | Vaults:1 | Found Bumeneniy's Weapon Emporium.
 42822 | Vaults:1 | Reached XP level 18. HP: 102/112 MP: 24/38
 42833 | Vaults:1 | Learned a level 9 spell: Fire Storm
 43311 | Vaults:1 | Reached skill level 15 in Conjurations
 44174 | Vaults:2 | Reached skill level 15 in Fire Magic
 44716 | Vaults:2 | Found a staircase to the Crypt.
 45072 | Vaults:2 | Found Lythrula's Book Shoppe.
 46755 | Vaults:3 | You fall through a shaft!
 46950 | Vaults:3 | Upgraded the game from 0.19.0-16-g73b5abf to 0.19.0-17-g07987d3
 47052 | Vaults:3 | Noticed zkyp's ghost (adept FoAK)
 47067 | Vaults:3 | Killed zkyp's ghost
 47258 | Vaults:3 | Reached XP level 19. HP: 117/117 MP: 40/40
 47562 | Vaults:3 | Gained mutation: You are covered in fur. (AC +1) [potion of beneficial mutation]
 47576 | Vaults:3 | Identified a +2 pair of boots of running (You acquired it on level 3 of the Vaults)
 48573 | Vaults:4 | Identified the ring of Binneif {*Tele rF+} (You found it on level 4 of the Vaults)
 49227 | Vaults:4 | Found Laceh's Weapon Boutique.
 49696 | Vaults:4 | Gained mutation: You are completely covered in sharp spines. [demonic ancestry]
 49696 | Vaults:4 | Reached XP level 20. HP: 123/123 MP: 35/41
 50066 | Orc:2    | Bought a diamond-encrusted ring mail for 189 gold pieces
 50068 | Orc:2    | Identified the +4 ring mail of Vuykul {rElec Dex+3} (You bought it in a shop on level 2 of the Orcish Mines)
 50122 | D:13     | Bought a translucent spear for 248 gold pieces
 50122 | D:13     | Bought a slimy spear for 248 gold pieces
 50122 | D:13     | Bought an encrusted spear for 248 gold pieces
 50122 | D:13     | Bought a twisted hand axe for 248 gold pieces
 50124 | D:13     | Identified the +0 spear of the Beast {antimagic, *Contam +Inv Str+3 Dex+8} (You bought it in a shop on level 13 of the Dungeon)
 50125 | D:13     | Identified the cursed +1 spear of Domination {pierce, rPois MR- MP+9} (You bought it in a shop on level 13 of the Dungeon)
 50126 | D:13     | Identified the +3 hand axe of the Lumpy Curses {chop, rElec} (You bought it in a shop on level 13 of the Dungeon)
 50127 | D:13     | Identified the +8 spear of Corruption {speed, rPois} (You bought it in a shop on level 13 of the Dungeon)
 50302 | Depths:1 | Noticed Aizul
 50305 | Depths:1 | Killed Aizul
 50788 | Depths:1 | Found a gateway to a ziggurat.
 50788 | Depths:1 | Noticed an ancient lich
 50788 | Depths:1 | Noticed an ancient lich
 50809 | Depths:1 | Killed an ancient lich
 50809 | Depths:1 | Killed an ancient lich
 50940 | Zig:1    | Entered Level 1 of a ziggurat
 50986 | Zig:2    | Entered Level 2 of a ziggurat
 51024 | Zig:3    | Entered Level 3 of a ziggurat
 51088 | Zig:4    | Entered Level 4 of a ziggurat
 51164 | Zig:5    | Entered Level 5 of a ziggurat
 51170 | Zig:5    | Noticed a caustic shrike
 51173 | Zig:5    | Killed a caustic shrike
 51270 | Zig:6    | Entered Level 6 of a ziggurat
 51336 | Zig:6    | Got a scintillating tin amulet
 51340 | Zig:6    | Identified the amulet of Jahuttax {Harm *Drain Int+9 Dex-4} (You found it on level 6 of a ziggurat)
 51377 | Zig:7    | Entered Level 7 of a ziggurat
 51448 | Zig:7    | Learned a level 1 spell: Apportation
 51456 | Zig:7    | Identified Kikubaaqudgha's Grimoire of Dark Secrets
 51465 | Zig:8    | Entered Level 8 of a ziggurat
 51520 | Zig:8    | Identified the Almanac of Beguiling
 51533 | Zig:8    | Got a steaming ivory ring
 51534 | Zig:8    | Identified the cursed ring "Diususah" {*Slow rPois rC+ AC-2 Int+7} (You found it on level 8 of a ziggurat)
 51605 | Zig:9    | Entered Level 9 of a ziggurat
 51626 | Zig:9    | Noticed Affips the pandemonium lord
 51628 | Zig:9    | Killed Affips the pandemonium lord
 51675 | Zig:9    | Got a glittering steel amulet
 51676 | Zig:9    | Identified the amulet "Gaviry" {Inacc *Corrode rElec MR+} (You found it on level 9 of a ziggurat)
 51687 | Zig:9    | Got a glittering pewter ring
 51688 | Zig:9    | Identified the ring "Tigatt" {*Corrode rPois rN++ Int+3 SInv} (You found it on level 9 of a ziggurat)
 51776 | Zig:10   | Entered Level 10 of a ziggurat
 51788 | Zig:10   | Killed a profane servitor
 51788 | Zig:10   | Reached XP level 21. HP: 129/129 MP: 42/42
 51891 | Zig:10   | Gained mutation: You are completely covered in rugged brown scales. (AC +3, +7% HP) [demonic ancestry]
 51891 | Zig:10   | Reached XP level 22. HP: 129/138 MP: 43/43
 51899 | Zig:10   | Identified Omouvvim's Catalogue of Lucky Snow
 51917 | Zig:11   | Entered Level 11 of a ziggurat
 51953 | Zig:11   | Got a wavering lapis lazuli ring
 51954 | Zig:11   | Identified the ring "Lokhewk" {rC+ MP+9 Str+5} (You found it on level 11 of a ziggurat)
 51969 | Zig:11   | Got a crude platinum ring
 51974 | Zig:12   | Entered Level 12 of a ziggurat
 51988 | Zig:12   | Reached skill level 15 in Dodging
 52078 | Zig:12   | Got a crude dagger
 52079 | Zig:12   | Identified the ring of Sih Ogh {AC+4 Int+2} (You found it on level 11 of a ziggurat)
 52082 | Zig:12   | Got a bloodstained ring mail
 52089 | Zig:13   | Entered Level 13 of a ziggurat
 52165 | Zig:13   | Got a heavy robe
 52177 | Zig:13   | Got a scintillating brass ring
 52190 | Zig:13   | Got a translucent dagger
 52201 | Zig:13   | Identified the +5 ring mail of Oseruwig {MR- Regen+ Str+8 Dex-5} (You found it on level 12 of a ziggurat)
 52212 | Zig:13   | Identified the +2 robe "Fymut" {rPois rCorr} (You found it on level 13 of a ziggurat)
 52221 | Zig:13   | Identified the ring "Zochonn" {Wiz rC+ MR+} (You found it on level 13 of a ziggurat)
 52224 | Zig:13   | Identified the +1 dagger "Focuit" {pierce, rC+ SInv} (You found it on level 12 of a ziggurat)
 52226 | Zig:13   | Identified the +6 dagger of Wrath {flame, SInv} (You found it on level 13 of a ziggurat)
 52271 | Zig:14   | Entered Level 14 of a ziggurat
 52452 | Zig:14   | Identified the Disquisition on Congealing Lightness
 52455 | Zig:14   | Identified the Reference Book on Creation and Air
 52498 | Zig:14   | Got a shimmering robe
 52560 | Zig:15   | Entered Level 15 of a ziggurat
 52699 | Zig:15   | Got a pitted bone amulet
 52723 | Zig:15   | Identified the +2 robe "Quak" {rPois rC++ Int+8 Dex-3} (You found it on level 14 of a ziggurat)
 52749 | Zig:16   | Entered Level 16 of a ziggurat
 52760 | Zig:16   | Reached XP level 23. HP: 158/158 MP: 44/44
 52761 | Zig:16   | Noticed an ancient lich
 52761 | Zig:16   | Killed an ancient lich
 52761 | Zig:16   | Gained mutation: Your magical and physical power is slightly enhanced at high health. [demonic ancestry]
 52761 | Zig:16   | Reached XP level 24. HP: 164/164 MP: 44/44
 52764 | Zig:16   | Noticed an ancient lich
 52766 | Zig:16   | Killed an ancient lich
 52767 | Zig:16   | Killed an ancient lich
 52829 | Zig:16   | Got a crude jade ring
 52881 | Zig:17   | Entered Level 17 of a ziggurat
 52897 | Zig:17   | Noticed Avumewn the pandemonium lord
 52899 | Zig:17   | Killed Avumewn the pandemonium lord
 53014 | Zig:17   | Got a pair of crude gloves
 53027 | Zig:17   | Identified the +1 pair of gloves "Ohaugam" {rCorr} (You found it on level 17 of a ziggurat)
 53049 | Zig:17   | Got a crude robe
 53061 | Zig:17   | Identified the +1 robe "Orhufifi" {rF- Regen+ Str+6 SInv} (You found it on level 17 of a ziggurat)
 53081 | Zig:17   | Identified the amulet of Tender Moments {Reflect rElec rC+ MR+ Str-5 SH+2} (You found it on level 15 of a ziggurat)
 53120 | Zig:18   | Entered Level 18 of a ziggurat
 53140 | Zig:18   | Reached skill level 15 in Shields
 53186 | Zig:18   | Got a steaming turquoise ring
 53199 | Zig:18   | Identified the Catalogue of Unstable Fire
 53213 | Zig:19   | Entered Level 19 of a ziggurat
 53228 | Zig:19   | Gained mutation: Your magical and physical power is enhanced at high health. [demonic ancestry]
 53228 | Zig:19   | Reached XP level 25. HP: 171/171 MP: 46/46
 53306 | Zig:19   | Got a scintillating bone ring
 53307 | Zig:19   | Identified the Volume of Floating Arcane Weapons
 53323 | Zig:19   | Got a steaming brass amulet
 53372 | Zig:20   | Entered Level 20 of a ziggurat
 53452 | Zig:20   | Identified the Collected Works on Flamy Snow
 53456 | Zig:20   | Identified the amulet of Zudyopu {RegenMP *Corrode +Inv Slay+4 Stlth-} (You found it on level 19 of a ziggurat)
 53461 | Zig:20   | Identified the Papyrus of Cankerous Earth
 53469 | Zig:20   | Identified Inompixt's Reference Book on Snow and Feathers
 53476 | Zig:20   | Got an ancient cloak
 53487 | Zig:20   | Identified the +0 cloak "Yfiary Aqeff" {+Fly rCorr Int-4} (You found it on level 20 of a ziggurat)
 53506 | Zig:21   | Entered Level 21 of a ziggurat
 53578 | Zig:21   | Reached skill level 5 in Fighting
 53578 | Zig:21   | Reached skill level 5 in Armour
 53584 | Zig:21   | Identified Dostreirre's Compendium of Air
 53605 | Zig:21   | Got a clouded pewter ring
 53611 | Zig:22   | Entered Level 22 of a ziggurat
 53622 | Zig:22   | Gained mutation: Your magical and physical power is greatly enhanced at high health. [demonic ancestry]
 53622 | Zig:22   | Reached XP level 26. HP: 181/181 MP: 48/48
 53633 | Zig:22   | Reached XP level 27. HP: 183/188 MP: 49/49
 53698 | Zig:22   | Identified the ring of the Monkey's Uncle {rN+ Stlth-} (You found it on level 16 of a ziggurat)
 53703 | Zig:22   | Identified the Guide on Feathery Transformation
 53716 | Zig:22   | Got a twitching pewter ring
 53883 | D:15     | Identified the ring of Wonder {MP+9 Dex+3 Slay+3} (You found it on level 19 of a ziggurat)
 54157 | Slime:1  | Entered Level 1 of the Pits of Slime
 54360 | Slime:1  | Gained mutation: You can translocate small distances at will. [a shining eye]
 54838 | Slime:5  | Entered Level 5 of the Pits of Slime
 54877 | Slime:5  | Killed the Royal Jelly
 55202 | Slime:5  | Learned a level 8 spell: Controlled Blink
 55204 | Slime:5  | Identified Wacaggeogg's Compendium of Sinister Changing
 55210 | Slime:5  | Learned a level 3 spell: Regeneration
 55224 | Slime:5  | Identified the Tome of Ashen Transmigration
 55293 | Slime:5  | Got a shimmering hand crossbow
 55296 | Slime:5  | Got a shimmering falchion
 55308 | Slime:5  | Got a slimy rune of Zot
 55668 | D:15     | Identified the ring "Wuix" {+Blink rF+ rC- Dex+6} (You found it on level 22 of a ziggurat)
 55669 | D:15     | Identified the ring "Deaw" {rC+ Int+4} (You found it on level 21 of a ziggurat)
 55859 | Vaults:5 | Entered Level 5 of the Vaults
 55863 | Vaults:5 | Reached skill level 5 in Translocations
 56069 | Vaults:5 | Reached skill level 10 in Translocations
 56342 | Vaults:5 | Found Aheoqose's Magic Scroll Shoppe.
 56358 | Vaults:5 | Bought a scroll of identify for 44 gold pieces
 56358 | Vaults:5 | Bought a scroll of identify for 44 gold pieces
 56358 | Vaults:5 | Bought a scroll of teleportation for 66 gold pieces
 56358 | Vaults:5 | Bought a scroll of fog for 44 gold pieces
 56358 | Vaults:5 | Bought a scroll of identify for 44 gold pieces
 56358 | Vaults:5 | Bought a scroll of identify for 44 gold pieces
 56358 | Vaults:5 | Bought a scroll of amnesia for 77 gold pieces
 56358 | Vaults:5 | Bought a scroll of immolation for 77 gold pieces
 56358 | Vaults:5 | Bought a scroll of immolation for 77 gold pieces
 56555 | Vaults:5 | Got a translucent shield
 56556 | Vaults:5 | Identified the +4 shield of Evuefib {-Cast Int+3 Dex+5} (You found it on level 5 of the Vaults)
 56630 | Vaults:5 | Got a silver rune of Zot
 56744 | Vaults:2 | Upgraded the game from 0.19.0-17-g07987d3 to 0.19.0-18-g426998a
 56800 | Crypt:1  | Entered Level 1 of the Crypt
 57140 | Crypt:1  | Identified the +1 leather armour of the Bruised Blessings {rC+} (You took it off a skeletal warrior on level 1 of the Crypt)
 57459 | Crypt:2  | Got a heavily runed cloak
 57460 | Crypt:2  | Identified the +4 cloak of Infinity {Str+2 SInv} (You acquired it on level 2 of the Crypt)
 57673 | Crypt:3  | Entered Level 3 of the Crypt
 58073 | Crypt:3  | Reached skill level 15 in Translocations
 58328 | Crypt:3  | Noticed Frederick
 58328 | Crypt:3  | Killed Frederick
 58426 | Crypt:3  | Noticed an ancient lich
 58429 | Crypt:3  | Killed an ancient lich
 58547 | Crypt:3  | Got an iridescent war axe
 58548 | Crypt:3  | Identified the +10 war axe of Immorality {chop, rF++ Int-5 Dex+6} (You found it on level 3 of the Crypt)
 58722 | Crypt:3  | Found a staircase to the Tomb.
 59745 | Depths:1 | Noticed a juggernaut
 59746 | Depths:1 | Killed a juggernaut
 59881 | Depths:1 | Found Cocianud's General Store.
 59994 | Depths:1 | Bought a bread ration for 80 gold pieces
 59994 | Depths:1 | Bought a potion of flight for 48 gold pieces
 60658 | Depths:1 | Identified the Compendium of Blistering Bewitchment
 60729 | Depths:1 | Got an ancient marble ring
 60955 | Depths:1 | Found a one-way gate leading to the halls of Pandemonium.
 61063 | Depths:2 | Noticed Jorgrun
 61065 | Depths:2 | Killed Jorgrun
 61298 | Depths:2 | Noticed Jory
 61299 | Depths:2 | Killed Jory
 61551 | Depths:2 | Found a gateway to a bazaar.
 61567 | Bazaar   | Entered a bazaar
 61567 | Bazaar   | Found Nuzxiz's Gadget Shoppe.
 61567 | Bazaar   | Found Ningaism's Gadget Boutique.
 61567 | Bazaar   | Found Zaetota's Antique Weapon Shoppe.
 61567 | Bazaar   | Found Cejit's Jewellery Shop.
 61569 | Bazaar   | Found Lepunim's Jewellery Emporium.
 61569 | Bazaar   | Found Woicid's Jewellery Shop.
 61591 | Bazaar   | Bought a +4 ring of strength for 324 gold pieces
 61591 | Bazaar   | Bought an uncursed ring of protection from fire for 300 gold pieces
 61591 | Bazaar   | Bought an uncursed amulet of rage for 480 gold pieces
 61595 | Bazaar   | Identified the ring of Dibocutt {*Tele MR+} (You found it on level 1 of the Depths)
 61860 | Depths:2 | Found an ancient bone altar of Kikubaaqudgha.
 62515 | Depths:3 | Noticed a juggernaut
 62516 | Depths:3 | Killed a juggernaut
 62935 | Depths:3 | Found a portal to a secret trove of treasure.
 63138 | Depths:3 | You paid a toll of a +4 fire dragon scales to enter a treasure trove
 63139 | Trove    | Entered a treasure trove
 63148 | Trove    | Got a heavily runed iron ring
 63149 | Trove    | Identified the ring "Daesha" {rPois Dex+3 Slay+2} (You found it in a treasure trove)
 63153 | Trove    | Got a pair of fine gloves
 63164 | Trove    | Identified the +2 pair of gloves of Okawaru's Reproof {Stlth+} (You found it in a treasure trove)
 63179 | Trove    | Got a shimmering pewter ring
 64014 | Depths:4 | Found Roin Oqoim's Armour Shop.
 64893 | Depths:4 | Found Zoconox's Weapon Shop.
 64954 | Depths:4 | Found a one-way gate to the infinite horrors of the Abyss.
 65090 | Depths:4 | Found Paine's Assorted Antiques.
 65116 | Depths:4 | Found Dyanaoh's Jewellery Shop.
 65135 | Depths:4 | Bought a cursed ring of loudness for 72 gold pieces
 65135 | Depths:4 | Bought an uncursed ring of see invisible for 240 gold pieces
 65137 | Depths:4 | Identified the ring "Feklefen" {+Fly Dex+4 SInv} (You found it in a treasure trove)
 65504 | Depths:5 | Entered Level 5 of the Depths
 65826 | Depths:5 | Noticed Margery
 65830 | Depths:5 | Killed Margery
 65843 | Depths:5 | Noticed Boris
 65863 | Depths:5 | Killed Boris
 65983 | Depths:5 | Noticed the Enchantress
 65984 | Depths:5 | Killed the Enchantress
 65985 | Depths:5 | Found a radiant altar of Vehumet.
 66008 | Depths:5 | Found a radiant altar of Vehumet.
 66009 | Depths:5 | Found a stormy altar of Qazlal.
 66017 | Depths:5 | Identified the +4 faerie dragon scales {Str+2 Stlth+} (You took it off the Enchantress on level 5 of the Depths)
 66183 | Depths:5 | Noticed a juggernaut
 66186 | Depths:5 | Killed a juggernaut
 66990 | Depths:5 | Got a scorched pewter ring
 67540 | Depths:5 | Found a gate to the Realm of Zot.
 67747 | Depths:4 | Voluntarily entered the Abyss.
 67787 | Abyss:1  | Found a corrupted altar of Lugonu.
 67940 | Abyss:1  | Found a corrupted altar of Lugonu.
 68654 | Abyss:3  | Identified the ring of Trepidation {Ice rElec MR+ Str+2 Int+3} (You took it off a frost giant on level 5 of the Depths)
 68706 | Abyss:4  | Reached skill level 27 in Fire Magic
 68708 | Abyss:4  | Found a corrupted altar of Lugonu.
 68710 | Abyss:4  | Got an abyssal rune of Zot
 68716 | Depths:4 | Escaped the Abyss
 69088 | D:15     | Learned a level 7 spell: Spellforged Servitor
 69095 | D:15     | Learned a level 6 spell: Deflect Missiles
 69099 | D:15     | Learned a level 3 spell: Ozocubu's Armour
 69106 | D:15     | Learned a level 6 spell: Statue Form
 69145 | Depths:1 | Reached skill level 1 in Charms
 69165 | Pan      | Entered Pandemonium
 69190 | Pan      | Found an exit through the horrors of the Abyss.
 69549 | Pan      | Reached skill level 5 in Charms
 69896 | Pan      | Noticed Bubrimn the pandemonium lord
 69898 | Pan      | Killed Bubrimn the pandemonium lord
 70448 | Pan      | Found an exit through the horrors of the Abyss.
 70500 | Pan      | Gained mutation: You regenerate slowly when monsters are visible. [a cacodemon]
 70501 | Pan      | Reached skill level 5 in Summonings
 70527 | Pan      | Noticed Rifumuud the pandemonium lord
 70530 | Pan      | Killed Rifumuud the pandemonium lord
 70691 | Pan      | Lost mutation: You can translocate small distances at will. [potion of cure mutation]
 70706 | Pan      | Lost mutation: You are covered in fur. (AC +1) [potion of cure mutation]
 70706 | Pan      | Lost mutation: You regenerate slowly when monsters are visible. [potion of cure mutation]
 70717 | Pan      | Reached skill level 10 in Summonings
 70839 | Pan      | Noticed June Cae the pandemonium lord
 70839 | Pan      | Killed June Cae the pandemonium lord
 71111 | Pan      | Found a runed door.
 71115 | Pan      | Found a runed door.
 71115 | Pan      | Noticed Siafutheut the pandemonium lord
 71119 | Pan      | Killed Siafutheut the pandemonium lord
 71122 | Pan      | Found a runed door.
 71128 | Pan      | Found a runed door.
 71147 | Pan      | Got a dull robe
 71160 | Pan      | Identified the +0 robe of the Quahog {Regen+} (You found it in Pandemonium)
 71166 | Pan      | Entered the realm of Mnoleg.
 71184 | Pan      | Gained mutation: Your magical capacity is low. (-10% MP) [a neqoxec]
 71202 | Pan      | Gained mutation: You are clumsy. (Dex -2) [a neqoxec]
 71507 | Pan      | Lost mutation: You are clumsy. (Dex -2) [potion of cure mutation]
 71507 | Pan      | Lost mutation: Your magical capacity is low. (-10% MP) [potion of cure mutation]
 71654 | Pan      | Noticed Mnoleg
 71657 | Pan      | Killed Mnoleg
 71663 | Pan      | Got a glowing rune of Zot
 71703 | Pan      | Gained mutation: You tend to lose your temper in combat. [a cacodemon]
 71731 | Pan      | Found an exit through the horrors of the Abyss.
 71755 | Pan      | Gained mutation: You have sharp fingernails. [a cacodemon]
 71769 | Pan      | Lost mutation: You tend to lose your temper in combat. [a cacodemon]
 71789 | Pan      | Took an exit into the Abyss.
 71789 | Abyss:1  | Escaped into the Abyss
 71789 | Abyss:1  | Found a corrupted altar of Lugonu.
 71832 | Abyss:1  | Found a corrupted altar of Lugonu.
 71965 | Depths:1 | Escaped the Abyss
 72121 | D:15     | Got an ancient cloak
 72142 | D:15     | Learned a level 8 spell: Lehudib's Crystal Spear
 72150 | D:15     | Learned a level 7 spell: Ring of Flames
 72212 | Pan      | Entered Pandemonium
 72240 | Pan      | Found an exit through the horrors of the Abyss.
 72251 | Pan      | Reached skill level 1 in Evocations
 72365 | Pan      | Got a brightly glowing falchion
 72393 | Pan      | Reached skill level 5 in Evocations
 72442 | Pan      | Noticed Fuvvyamn the pandemonium lord
 72444 | Pan      | Killed Fuvvyamn the pandemonium lord
 72532 | Pan      | Found an exit through the horrors of the Abyss.
 72555 | Pan      | Found a runed door.
 72746 | Pan      | Noticed Maroukhli the pandemonium lord
 72747 | Pan      | Killed Maroukhli the pandemonium lord
 72994 | Pan      | Found an exit through the horrors of the Abyss.
 73010 | Pan      | Noticed Nogunn the pandemonium lord
 73013 | Pan      | Killed Nogunn the pandemonium lord
 73013 | Pan      | Reached skill level 10 in Evocations
 73022 | Pan      | Got a demonic rune of Zot
 73028 | Pan      | Entered the realm of Lom Lobon.
 73183 | Pan      | Noticed Lom Lobon
 73187 | Pan      | Killed Lom Lobon
 73214 | Pan      | Got a magical rune of Zot
 73531 | Pan      | Found a runed door.
 73555 | Pan      | Identified a +0 rod of shadows (14/14) (You found it in Pandemonium)
 73665 | Pan      | Noticed Zihirch the pandemonium lord
 73667 | Pan      | Killed Zihirch the pandemonium lord
 73759 | Pan      | Noticed Jisu Pom the pandemonium lord
 73763 | Pan      | Killed Jisu Pom the pandemonium lord
 73792 | Pan      | Reached skill level 15 in Evocations
 73803 | Pan      | Noticed Xiamath Digg the pandemonium lord
 73812 | Pan      | Killed Xiamath Digg the pandemonium lord
 74234 | Pan      | Found a huge runed gate.
 74285 | Pan      | Noticed Nigurch the pandemonium lord
 74287 | Pan      | Killed Nigurch the pandemonium lord
 74418 | Pan      | Noticed Ignacio
 74437 | Pan      | Killed Ignacio
 74652 | Pan      | Found an exit through the horrors of the Abyss.
 74674 | Pan      | Entered the realm of Gloorx Vloq.
 74910 | Pan      | Noticed Gloorx Vloq
 74914 | Pan      | Killed Gloorx Vloq
 74942 | Pan      | Got a dark rune of Zot
 75060 | Pan      | Found an exit through the horrors of the Abyss.
 75345 | Pan      | Identified the +8 falchion "Tacior" {freeze, rF+++ Str-3 Dex-4 Stlth+} (You found it in Pandemonium)
 75564 | Pan      | Noticed Ebemab the pandemonium lord
 75568 | Pan      | Killed Ebemab the pandemonium lord
 75751 | Pan      | Found an exit through the horrors of the Abyss.
 75777 | Pan      | Gained mutation: Your body sometimes deteriorates upon taking damage. [a cacodemon]
 75784 | Pan      | Gained mutation: Your natural rate of healing is unusually fast. [a cacodemon]
 75930 | Pan      | Noticed Danoly the pandemonium lord
 76033 | Pan      | Killed Danoly the pandemonium lord
 76287 | Pan      | Noticed Pariq the pandemonium lord
 76294 | Pan      | Killed Pariq the pandemonium lord
 76396 | Pan      | Entered the realm of Cerebov.
 76586 | Pan      | Reached skill level 10 in Charms
 76668 | Pan      | Noticed Cerebov
 76755 | Pan      | Killed Cerebov
 76871 | Pan      | Got a fiery rune of Zot
 76892 | Depths:1 | Escaped Pandemonium
 76927 | Hell     | Entered the Vestibule of Hell
 76927 | Hell     | Noticed Geryon
 76931 | Hell     | Killed Geryon
 76952 | Hell     | Noticed Murray
 76961 | Hell     | Killed Murray
 76966 | Hell     | Found a gateway to the decaying netherworld of Tartarus.
 76992 | Tar:1    | Entered Level 1 of Tartarus
 77559 | Tar:6    | Learned a level 9 spell: Glaciate
 77594 | Tar:6    | Reached skill level 1 in Ice Magic
 77618 | Tar:7    | Entered Level 7 of Tartarus
 77683 | Tar:7    | Reached skill level 5 in Ice Magic
 78063 | Tar:7    | Noticed Ereshkigal
 78066 | Tar:7    | Killed Ereshkigal
 78078 | Tar:7    | Reached skill level 10 in Ice Magic
 78083 | Tar:7    | Got a bone rune of Zot
 78297 | Hell     | Found a gateway to the ashen valley of Gehenna.
 78320 | Geh:1    | Entered Level 1 of Gehenna
 78515 | Geh:7    | Entered Level 7 of Gehenna
 78645 | Geh:7    | Noticed the Serpent of Hell
 78723 | Geh:7    | Killed the Serpent of Hell
 79263 | Geh:7    | Noticed Asmodeus
 79269 | Geh:7    | Killed Asmodeus
 79311 | Geh:7    | Got an obsidian rune of Zot
 79349 | Geh:7    | Reached skill level 15 in Ice Magic
 79444 | Hell     | Found a gateway to the freezing wastes of Cocytus.
 79473 | Coc:1    | Entered Level 1 of Cocytus
 79625 | Coc:3    | Reached skill level 1 in Earth Magic
 79770 | Coc:5    | Reached skill level 5 in Earth Magic
 79802 | Coc:7    | Entered Level 7 of Cocytus
 79804 | Coc:7    | Got an icy rune of Zot
 79840 | Coc:7    | Noticed Antaeus
 79898 | Coc:7    | Gained mutation: You are dopey. (Int -2) [mutagenic glow]
 79999 | Coc:7    | Gained mutation: You are weak. (Str -2) [mutagenic glow]
 80003 | Coc:7    | Got an encrusted rapier
 80025 | Coc:7    | Lost mutation: You are dopey. (Int -2) [potion of cure mutation]
 80025 | Coc:7    | Lost mutation: You are weak. (Str -2) [potion of cure mutation]
 80025 | Coc:7    | Lost mutation: Your body sometimes deteriorates upon taking damage. [potion of cure mutation]
 80025 | Coc:7    | Lost mutation: You have sharp fingernails. [potion of cure mutation]
 80037 | Coc:7    | Reached skill level 10 in Earth Magic
 80178 | Coc:7    | Identified the +5 rapier of the Chickpea {pierce, rF+} (You found it on level 7 of Cocytus)
 80180 | Coc:7    | Got a crude flail {crush}
 80182 | Coc:7    | Identified the +1 flail of Abuse {crush, rPois Str+3 Dex+4} (You took it off a skeletal warrior on level 7 of Cocytus)
 80417 | Hell     | Found a gateway to the Iron City of Dis.
 80428 | Dis:1    | Entered Level 1 of the Iron City of Dis
 81163 | Dis:7    | Entered Level 7 of the Iron City of Dis
 82032 | Dis:7    | Identified the +7 ring mail "Pual" {rElec Dex+4} (You found it on level 7 of the Iron City of Dis)
 82156 | Dis:7    | Noticed Dispater
 82345 | Dis:7    | Killed Dispater
 82374 | Dis:7    | Got an iron rune of Zot
 82437 | Dis:7    | Gained mutation: You are weak. (Str -2) [mutagenic glow]
 82473 | Dis:7    | Gained mutation: Scrolls take you a little longer to read. [mutagenic glow]
 82521 | Hell     | Gained mutation: You are frail. (-10% HP) [mutagenic glow]
 82541 | Hell     | Gained mutation: You are agile. (Dex +2) [mutagenic glow]
 82626 | Hell     | Gained mutation: Your flesh is cold resistant. (rC+) [mutagenic glow]
 82727 | Hell     | Lost mutation: You are weak. (Str -2) [potion of cure mutation]
 82727 | Hell     | Lost mutation: You are frail. (-10% HP) [potion of cure mutation]
 82727 | Hell     | Lost mutation: Scrolls take you a little longer to read. [potion of cure mutation]
 83005 | Tomb:1   | Entered Level 1 of the Tomb of the Ancients
 83186 | Tomb:1   | Noticed a greater mummy
 83187 | Tomb:1   | Killed a greater mummy
 83688 | Tomb:2   | Noticed a greater mummy
 83689 | Tomb:2   | Noticed a greater mummy
 83690 | Tomb:2   | Noticed a greater mummy
 83690 | Tomb:2   | Noticed a greater mummy
 83690 | Tomb:2   | Killed a greater mummy
 83720 | Tomb:2   | Killed a greater mummy
 83723 | Tomb:2   | Killed a greater mummy
 83724 | Tomb:2   | Killed a greater mummy
 83830 | Tomb:1   | Noticed a greater mummy
 83830 | Tomb:1   | Noticed a greater mummy
 83831 | Tomb:1   | Noticed a greater mummy
 83831 | Tomb:1   | Noticed a greater mummy
 83833 | Tomb:1   | Noticed a greater mummy
 83833 | Tomb:1   | Noticed a greater mummy
 83833 | Tomb:1   | Killed a greater mummy
 83833 | Tomb:1   | Killed a greater mummy
 83833 | Tomb:1   | Killed a greater mummy
 83834 | Tomb:1   | Killed a greater mummy
 83835 | Tomb:1   | Noticed a greater mummy
 83835 | Tomb:1   | Killed a greater mummy
 83835 | Tomb:1   | Killed a greater mummy
 83836 | Tomb:1   | Killed a greater mummy
 83846 | Tomb:1   | Noticed a greater mummy
 83849 | Tomb:1   | Killed a greater mummy
 83898 | Tomb:1   | Noticed a greater mummy
 83902 | Tomb:1   | Killed a greater mummy
 83903 | Tomb:1   | Noticed a greater mummy
 83905 | Tomb:1   | Killed a greater mummy
 83926 | Tomb:1   | Noticed a greater mummy
 83926 | Tomb:1   | Killed a greater mummy
 83966 | Tomb:1   | Noticed a greater mummy
 83968 | Tomb:1   | Killed a greater mummy
 83978 | Tomb:1   | Noticed a greater mummy
 83979 | Tomb:1   | Killed a greater mummy
 84003 | Tomb:1   | Noticed a greater mummy
 84004 | Tomb:1   | Killed a greater mummy
 84040 | Tomb:1   | Noticed a greater mummy
 84041 | Tomb:1   | Killed a greater mummy
 84042 | Tomb:1   | Noticed a greater mummy
 84043 | Tomb:1   | Killed a greater mummy
 84064 | Tomb:1   | Noticed a greater mummy
 84065 | Tomb:1   | Noticed a greater mummy
 84066 | Tomb:1   | Killed a greater mummy
 84069 | Tomb:1   | Killed a greater mummy
 84181 | Tomb:3   | Entered Level 3 of the Tomb of the Ancients
 84198 | Tomb:3   | Noticed a greater mummy
 84198 | Tomb:3   | Noticed an ancient lich
 84200 | Tomb:3   | Killed an ancient lich
 84200 | Tomb:3   | Killed a greater mummy
 84201 | Tomb:3   | Noticed a greater mummy
 84201 | Tomb:3   | Noticed a greater mummy
 84202 | Tomb:3   | Noticed a greater mummy
 84202 | Tomb:3   | Killed a greater mummy
 84203 | Tomb:3   | Killed a greater mummy
 84203 | Tomb:3   | Killed a greater mummy
 84205 | Tomb:3   | Noticed a greater mummy
 84206 | Tomb:3   | Noticed a greater mummy
 84206 | Tomb:3   | Killed a greater mummy
 84207 | Tomb:3   | Noticed a greater mummy
 84207 | Tomb:3   | Killed a greater mummy
 84207 | Tomb:3   | Killed a greater mummy
 84208 | Tomb:3   | Noticed a greater mummy
 84210 | Tomb:3   | Killed a greater mummy
 84257 | Tomb:3   | Got a golden rune of Zot
 84307 | Tomb:3   | Identified the Almanac of Captivating Ice
 84310 | Tomb:3   | Identified the Handbook of Spatial Changing
 84319 | Tomb:3   | Got a pair of shimmering boots
 84320 | Tomb:3   | Identified the +1 pair of boots "Qeass" {rElec rPois rC++ Int-3} (You found it on level 3 of the Tomb of the Ancients)
 85008 | Zot:1    | Entered Level 1 of the Realm of Zot
 85065 | Zot:2    | Reached skill level 27 in Shields
 85236 | Zot:3    | Killed an ancient lich
 85252 | Zot:3    | Reached skill level 10 in Fighting
 85296 | Zot:3    | Noticed an ancient lich
 85298 | Zot:3    | Killed an ancient lich
 86007 | Zot:5    | Entered Level 5 of the Realm of Zot
 86193 | Zot:5    | Noticed an ancient lich
 86194 | Zot:5    | Killed an ancient lich
 86203 | Zot:5    | Noticed an ancient lich
 86205 | Zot:5    | Killed an ancient lich
 86215 | Zot:5    | Noticed an ancient lich
 86217 | Zot:5    | Killed an ancient lich
 86237 | Zot:5    | Noticed an orb of fire
 86239 | Zot:5    | Killed an orb of fire
 86245 | Zot:5    | Noticed an ancient lich
 86252 | Zot:5    | Killed an ancient lich
 86252 | Zot:5    | Reached skill level 15 in Fighting
 86324 | Zot:5    | Got the Orb of Zot
 86400 | Zot:5    | Noticed Lis Ehio the pandemonium lord
 86402 | Zot:5    | Killed Lis Ehio the pandemonium lord
 86431 | Zot:5    | Noticed an ancient lich
 86431 | Zot:5    | Killed an ancient lich
 86448 | Zot:5    | Noticed Imasoth the pandemonium lord
 86754 | Depths:4 | Noticed Zueqaut the pandemonium lord
 86762 | Depths:4 | Killed Zueqaut the pandemonium lord
 87059 | D:6      | Noticed Nevont the pandemonium lord
 87064 | D:6      | Killed Nevont the pandemonium lord
 87239 | D:$      | Escaped with the Orb!

Skill      XL: |  1  2  3  4  5  6  7  8  9 10 11 12 13 14 15 16 17 18 19 20 21 22 23 24 25 26 27 |
---------------+----------------------------------------------------------------------------------+-----
Conjurations   | 2 3 4 5 6 7 9 10 12 13 14 16 17 18 22 | 22.1
Spellcasting   | 4 5 6 7 8 10 12 13 15 16 17 19 21 22 24 | 24.0
Dodging        | 2 4 6 8 9 10 11 13 15 20 | 20.5
Translocations | 2 3 18 | 18.1
Shields        | 4 5 13 16 17 27 | 27.0
Fire Magic     | 4 7 9 10 12 14 16 18 19 20 27 | 27.0
Armour         | 4 5 |  5.3
Fighting       | 4 5 17 | 17.0
Charms         | 14 | 14.2
Summonings     | 13 | 13.6
Evocations     | 21 | 21.9
Ice Magic      | 15 | 15.6
Earth Magic    | 11 | 11.2
Stealth        | |  1.7

Action                   |  1- 3 |  4- 6 |  7- 9 | 10-12 | 13-15 | 16-18 | 19-21 | 22-24 | 25-27 || total
-------------------------+-------+-------+-------+-------+-------+-------+-------+-------+-------++-------
Melee: Unarmed           |    14 |       |       |       |       |       |       |       |       ||    14
       Club              |     3 |       |       |       |       |       |       |       |       ||     3
       Dagger            |       |    18 |    31 |    57 |     3 |       |       |       |       ||   109
       Short sword       |       |     2 |       |     2 |       |       |       |       |       ||     4
       Headbutt          |       |     2 |     6 |    13 |     3 |     4 |       |       |    32 ||    60
       Staff             |       |       |       |     1 |     4 |       |       |       |   134 ||   139
       Falchion          |       |       |       |       |     9 |    23 |       |       |       ||    32
Throw: Javelin           |     2 |    17 |     1 |       |     3 |       |     3 |       |       ||    26
       Stone             |       |     1 |       |       |       |       |       |       |       ||     1
 Cast: Magic Dart        |   110 |   146 |   462 |   255 |    36 |       |       |       |       ||  1009
       Mephitic Cloud    |       |    11 |    15 |    23 |     1 |       |     2 |       |       ||    52
       Blink             |       |     1 |     1 |     9 |     7 |    14 |     2 |     2 |     2 ||    38
       Conjure Flame     |       |       |     6 |     8 |       |       |       |       |       ||    14
       Stone Arrow       |       |       |       |   192 |    48 |     7 |       |       |     1 ||   248
       Fireball          |       |       |       |   103 |   388 |   247 |   111 |       |       ||   849
       Throw Icicle      |       |       |       |       |   174 |       |       |       |       ||   174
       Iskenderun's Myst |       |       |       |       |    12 |   373 |    74 |       |     5 ||   464
       Iskenderun's Batt |       |       |       |       |       |   121 |    46 |       |       ||   167
       Orb of Destructio |       |       |       |       |       |    78 |    39 |       |   208 ||   325
       Bolt of Fire      |       |       |       |       |       |       |    22 |       |     7 ||    29
       Fire Storm        |       |       |       |       |       |       |    25 |    70 |  1510 ||  1605
       Glaciate          |       |       |       |       |       |       |       |       |   287 ||   287
       Controlled Blink  |       |       |       |       |       |       |       |       |   141 ||   141
       Ring of Flames    |       |       |       |       |       |       |       |       |    73 ||    73
       Spellforged Servi |       |       |       |       |       |       |       |       |    54 ||    54
       Apportation       |       |       |       |       |       |       |       |       |    50 ||    50
       Statue Form       |       |       |       |       |       |       |       |       |    23 ||    23
       Lehudib's Crystal |       |       |       |       |       |       |       |       |    13 ||    13
       Deflect Missiles  |       |       |       |       |       |       |       |       |     9 ||     9
       Regeneration      |       |       |       |       |       |       |       |       |     6 ||     6
       Ozocubu's Armour  |       |       |       |       |       |       |       |       |     3 ||     3
Evoke: Wand              |       |       |     4 |     8 |     5 |    13 |     4 |       |    45 ||    79
       Lamp of fire      |       |       |       |       |     2 |     3 |       |       |     1 ||     6
       Fan of gales      |       |       |       |       |       |     1 |       |       |     3 ||     4
       Staff of energy   |       |       |       |       |       |       |       |       |  2103 ||  2103
       Sack of spiders   |       |       |       |       |       |       |       |       |     3 ||     3
       Box of beasts     |       |       |       |       |       |       |       |       |     2 ||     2
       Horn of Geryon    |       |       |       |       |       |       |       |       |     1 ||     1
  Use: Scroll            |     8 |     5 |    15 |     4 |    26 |    10 |    19 |     8 |    94 ||   189
       Potion            |       |       |       |     2 |     7 |    15 |     9 |     1 |    29 ||    63
 Stab: Confused          |       |     2 |     1 |     1 |       |       |       |       |       ||     4
       Distracted        |       |       |       |     1 |       |       |       |       |     1 ||     2
  Eat: Chunk             |     5 |    10 |    16 |    41 |    54 |    35 |    27 |    10 |    35 ||   233
       Fruit             |       |       |     2 |     2 |     3 |     3 |       |       |     8 ||    18
       Pizza             |       |       |     1 |     1 |     1 |     1 |     1 |       |     2 ||     7
       Beef jerky        |       |       |       |       |     4 |    10 |       |     4 |     7 ||    25
       Royal jelly       |       |       |       |       |       |     6 |       |       |    15 ||    21
       Bread ration      |       |       |       |       |       |       |       |       |    24 ||    24
       Meat ration       |       |       |       |       |       |       |       |       |     4 ||     4
Armor: Robe              |     3 |     4 |    31 |    34 |    30 |    70 |     4 |     3 |   114 ||   293
       Skin              |       |       |       |       |       |       |       |       |    47 ||    47
Dodge: Dodged            |    28 |    20 |    74 |   109 |    98 |   172 |    31 |     7 |   536 ||  1075
       Deflected         |       |       |       |       |       |       |       |       |    40 ||    40
Block: Buckler           |       |       |       |    23 |    61 |   123 |    19 |     3 |     6 ||   235
       Shield            |       |       |       |       |       |       |       |       |   771 ||   771
       Large shield      |       |       |       |       |       |       |       |       |    98 ||    98
       Rpst.: Falchion   |       |       |       |       |     2 |     3 |       |       |       ||     5
